 Dungeon Crawl Stone Soup version 0.21-a0-361-g4efd3f9 (webtiles) character file.

508248 4thArraOfDagon the Impaler (level 24, -3/188 HPs)
             Began as a Gnoll Monk on Oct 13, 2017.
             Was the Champion of the Shining One.
             Slain by Jorgrun
             ... wielding a +0 quarterstaff of crushing
              (6 damage)
             ... on level 1 of the Tomb of the Ancients.
             The game lasted 02:59:53 (28532 turns).

4thArraOfDagon the Impaler (Gnoll Monk)            Turns: 28532, Time: 02:59:54

Health: -3/188     AC: 25    Str: 16    XL:     24   Next: 69%
Magic:  42/42      EV:  2    Int: 23    God:    the Shining One [******]
Gold:   3605       SH:  0    Dex: 26    Spells: 19/54 levels left

rFire    + + +     SeeInvis +   B - +9 war axe of the Pit {freeze, Dex+3}
rCold    + + .     Gourm    .   f - +2 buckler "Rajihiuwk" {rF+++ MR- Regen+ Dex+2}
rNeg     + + +     Faith    .   X - +1 leather armour of Pathos {rPois rF+ Regen+ Str+2}
rPois    ∞         Spirit   .   Z - +2 helmet {SInv}
rElec    +         Reflect  .   R - +1 cloak of Starlight {rElec rC+ EV+4 Stlth--}
rCorr    .         Harm     .   M - +0 pair of gloves "Gotur" {Slay+4}
MR       .....     Rnd*Tele +   D - +2 pair of boots {run}
Stlth    ++........             F - amulet of Vitality {Regen+ HP+15}
HPRegen  1.61/turn              N - +5 ring of slaying
MPRegen  0.28/turn              x - ring of Robustness {AC+8}

@: petrified, slowed, glowing, studying 3 skills, quick
A: distributed training, fangs 1, talons 1, agile 1, blink, cold resistance 1,
fire resistance 1, frail 1, sense surroundings 1, teleportitis 1, evolution 1,
sturdy frame 1, strong nose
}: 4/15 runes: serpentine, barnacled, slimy, silver
a: Blink, Divine Shield, Cleansing Flame, Summon Divine Warrior, Renounce
Religion


You were on level 1 of the Tomb of the Ancients.
You worshipped the Shining One.
The Shining One was exalted by your worship.
You were not hungry.

You visited 11 branches of the dungeon, and saw 47 of its levels.
You visited the Abyss 1 time.
You also visited: Bailey, Ice Cave and Wizlab.

You collected 5245 gold pieces.
You spent 1640 gold pieces at shops.

Inventory:

Hand Weapons
 a - a +9 trishula of holy wrath
 A - the +10 arbalest of the Enchanted Forest {penet, Dex+6}
   (You bought it in a shop on level 4 of the Snake Pit)

   Ammo fired by it will pass through the targets it hits, potentially hitting
   all targets in its path until it reaches maximum range.
   It affects your dexterity (+6).
 B - the +9 war axe of the Pit (weapon) {freeze, Dex+3}
   (You bought it in a shop on level 4 of the Snake Pit)

   It has been specially enchanted to freeze those struck by it, causing extra
   injury to most foes and up to half again as much damage against particularly
   susceptible opponents.
   It can also slow down cold-blooded creatures.
   It affects your dexterity (+3).
Missiles
 C - 6 throwing nets (quivered)
 L - 1212 bolts
Armour
 f - the +2 buckler "Rajihiuwk" (worn) {rF+++ MR- Regen+ Dex+2}
   (You took it off a deep elf death mage on level 5 of the Vaults)

   It affects your dexterity (+2).
   It renders you almost immune to fire.
   It affects your resistance to hostile enchantments.
   It increases your rate of regeneration.
 D - a +2 pair of boots of running (worn)
 M - the +0 pair of gloves "Gotur" (worn) {Slay+4}
   (You found it in an ice cave)

   It affects your accuracy and damage with ranged weapons and melee attacks
   (+4).
 R - the +1 cloak of Starlight (worn) {rElec rC+ EV+4 Stlth--}
   (You found it in a wizard's laboratory)

   It affects your evasion (+4).
   It protects you from cold.
   It insulates you from electricity.
   It makes you much less stealthy.
 X - the +1 leather armour of Pathos (worn) {rPois rF+ Regen+ Str+2}
   (You found it on level 3 of the Abyss)

   It affects your strength (+2).
   It protects you from fire.
   It protects you from poison.
   It increases your rate of regeneration.
 Z - a +2 helmet of see invisible (worn)
Magical Staves
 b - an uncursed staff of wizardry {!a}
Jewellery
 x - the ring of Robustness (right hand) {AC+8}
   (You found it on level 3 of the Elven Halls)

   [ring of protection]

   It affects your AC (+8).
 z - the ring of Hedonism {rF+ rC+}
   (You found it on level 5 of the Pits of Slime)

   [ring of protection from cold]

   It protects you from fire.
   It protects you from cold.
 F - the amulet of Vitality (around neck) {Regen+ HP+15}
   (You found it on level 5 of the Pits of Slime)

   [amulet of regeneration]

   It affects your health (+15).
   It increases your rate of regeneration.
 N - a +5 ring of slaying (left hand)
 Y - the ring "Mennyh" {rCorr rC+}
   (You found it on level 5 of the Pits of Slime)

   [ring of resist corrosion]

   It protects you from cold.
Wands
 g - a wand of acid (13/15)
 l - a wand of digging (4/24)
 s - a wand of scattershot (6/9)
 w - a wand of acid (6/15)
Scrolls
 c - 5 scrolls of fog
 e - 10 scrolls of blinking
 j - 2 scrolls of magic mapping
 p - 14 scrolls of remove curse
 y - 3 scrolls of immolation
 H - 12 scrolls of teleportation
 S - 2 scrolls of holy word
 U - 4 scrolls of identify
 V - 4 scrolls of recharging
Potions
 h - 10 potions of flight
 k - 7 potions of brilliance
 n - 3 potions of mutation
 o - 2 potions of berserk rage
 q - 4 potions of agility
 r - 2 potions of might
 u - 8 potions of curing
 I - 6 potions of haste
 K - 8 potions of heal wounds
 Q - 4 potions of cancellation
 W - 4 potions of magic
Books
 d - a manual of Polearms
 E - a manual of Polearms
 G - a manual of Dodging
 P - a manual of Summonings
Miscellaneous
 m - a crystal ball of energy
 v - a fan of gales
 J - a lightning rod (4/4)
 O - 4 boxes of beasts
 T - 3 sacks of spiders
Comestibles
 i - 10 meat rations
 t - 7 bread rations


   Skills:
 + Level 16.6 Fighting
 + Level 15.6 Short Blades
 + Level 15.6 Long Blades
 + Level 16.6 Axes
 + Level 15.6 Maces & Flails
 + Level 18.7 Polearms
 + Level 15.6 Staves
 + Level 15.6 Slings
 + Level 15.6 Bows
 + Level 15.6 Crossbows
 + Level 15.6 Throwing
 + Level 15.6 Armour
 + Level 16.6 Dodging
 + Level 16.0 Stealth
 + Level 15.6 Shields
 + Level 15.6 Unarmed Combat
 + Level 15.6 Spellcasting
 + Level 13.4 Conjurations
 + Level 13.4 Hexes
 + Level 13.4 Charms
 + Level 13.5 Summonings
 + Level 13.4 Necromancy
 + Level 13.4 Translocations
 + Level 13.4 Transmutations
 + Level 13.4 Fire Magic
 + Level 13.4 Ice Magic
 + Level 13.4 Air Magic
 + Level 13.4 Earth Magic
 + Level 13.4 Poison Magic
 + Level 16.8 Invocations
 + Level 15.6 Evocations


You had 19 spell levels left.
You knew the following spells:

 Your Spells              Type           Power        Failure   Level  Hunger
a - Apportation           Tloc           ######       0%          1    None
b - Statue Form           Tmut/Erth      ######...    1%          6    ####...
c - Swiftness             Chrm/Air       ######..     1%          2    None
d - Spectral Weapon       Hex/Chrm       ######..     1%          3    None
e - Blink                 Tloc           N/A          1%          2    None
f - Passwall              Tmut/Erth      ######....   1%          2    None
g - Dragon Form           Tmut           ######....   11%         7    ######.
h - Lesser Beckoning      Tloc           ######....   1%          3    None
i - Passage of Golubria   Tloc           N/A          1%          4    None
j - Aura of Abjuration    Summ           ######....   1%          5    ##.....


Dungeon Overview and Level Annotations

Branches:
Dungeon (13/15)            Temple (1/1) D:4            Lair (6/6) D:11
 Shoals (4/4) Lair:2        Snake (4/4) Lair:3        Slime (5/5) Lair:5
    Orc (2/2) D:9             Elf (3/3) Orc:2        Vaults (5/5) D:13
  Crypt (3/3) Vaults:2       Tomb (1/3) Crypt:3

Altars:
Ashenzari
Cheibriados
Dithmenos
Elyvilon
Fedhas
Gozag
Hepliaklqana
Kikubaaqudgha
Makhleb
Nemelex Xobeh
Okawaru
Qazlal
Ru
Sif Muna
Trog
Uskayaw
Vehumet
Wu Jian
Xom
Yredelemnul
Zin
The Shining One
Jiyva

Shops:
D:10 %   Orc:2 [[[%   Shoals:4 !   Snake:4 (*   Vaults:1 }   Vaults:4 [

Annotations:
D:6 Pikel
D:12 arkorax's ghost, journeyman FoFi
Elf:2 3 runed doors
Tomb:1 Jorgrun


Innate Abilities, Weirdness & Mutations

Your experience applies equally to all skills.
You have very sharp teeth.
Your uncanny sense of smell can sniff out nearby items.
You have sharp toenails.
You are agile. (Dex +2)
You can translocate small distances at will.
Your flesh is cold resistant. (rC+)
Your flesh is heat resistant. (rF+)
You are frail. (-10% HP)
You passively map a small area around you.
You are occasionally teleported next to monsters.
You evolve.
Your movements are slightly less encumbered by armour. (ER -2)


Message History

The sphinx mumbles some strange words.
Something smites you!
* * * LOW HITPOINT WARNING * * *
The sphinx hits you but does no damage. x3
The sphinx hits you!!
* * * LOW HITPOINT WARNING * * *
The sphinx hits you but does no damage. x2
Jorgrun points at you and mumbles some strange words.
The sphinx hits you.
* * * LOW HITPOINT WARNING * * *
The sphinx hits you but does no damage. x2; The sphinx hits you.
* * * LOW HITPOINT WARNING * * *
The sphinx hits you but does no damage. The sphinx completely misses you.
A death scarab comes into view.
The death scarab moves out of view.
The sphinx hits you but does no damage. The sphinx hits you.
* * * LOW HITPOINT WARNING * * *
The sphinx hits you but does no damage.
Jorgrun hits you with a quarterstaff of crushing!
You die...

.....................
,
......................
, ,
......................
.....................
.................... ,
,....................,
* ,
s...................
......gH............ ,
......H@............ *
......HH............,
##.###.#####..###### *
## * #


You could see Jorgrun, 4 sphinxes and a death scarab.

Vanquished Creatures
  the Royal Jelly (Slime:5)
  Sojobo (Tomb:1)
  A greater mummy (Crypt:3)
  Frederick (Vaults:5)
  Bai Suzhen (Shoals:3)
  A golden dragon (Vaults:5)
  A profane servitor (Crypt:3)
  2 bone dragons
  3 tentacled monstrosities
  3 liches
  A deep elf blademaster (Elf:3)
  14 acid blobs
  2 deep elf master archers
  A kraken (Shoals:3)
  3 tentacled starspawn
  2 titans (Vaults:5)
  An eldritch tentacle (WizLab)
  Kirke (Snake:3)
  4 sphinxes
  Polyphemus (Shoals:2)
  7 ancient champions
  5 shadow dragons (Vaults:5)
  8 tengu reavers
  3 storm dragons (Vaults:5)
  Ilsuiw (Shoals:4)
  A revenant (Crypt:3)
  3 fire giants (Vaults:5)
  6 azure jellies
  6 nagarajas (Snake:4)
  2 frost giants (Vaults:5)
  3 iron dragons (Vaults:5)
  11 deep elf sorcerers
  15 vault wardens
  8 deep elf elementalists
  10 ironheart preservers
  2 curse skulls (Crypt:1)
  2 ghouls (Crypt:1)
  An entropy weaver (Vaults:3)
  2 reapers
  2 very ugly things (Vaults:5)
  6 vampire knights
  4 deep elf demonologists
  5 stone giants
  6 deep elf annihilators
  The ghost of kal9871 the Sharpshooter, a journeyman KoHu of Okawaru (IceCv)
  5 merfolk javelineers
  An eidolon (Crypt:1)
  8 ettins
  13 deep elf death magi
  13 merfolk impalers
  4 death oozes (Slime:5)
  5 jiangshi
  7 deep elf high priests
  13 yaktaur captains
  A fire dragon (Vaults:2)
  A rakshasa (Vaults:3)
  11 naga warriors
  3 great orbs of eyes (Slime:5)
  5 ice dragons
  2 anacondas
  28 vault guards
  2 death knights
  10 hydras
  4 catoblepae
  4 ogre magi
  The ghost of arkorax the Grappler, a novice MiBe of Trog (D:11)
  4 merfolk avatars
  8 centaur warriors
  4 merfolk aquamancers
  3 satyrs (Shoals:4)
  12 two-headed ogres
  23 death yaks
  A two-headed ogre (shapeshifter) (Vaults:5)
  A deep troll earth mage (Vaults:3)
  11 dancing weapons
  5 orc high priests
  6 vampire magi
  17 naga sharpshooters
  2 shock serpents (Snake:4)
  4 thrashing horrors
  A titan skeleton (Crypt:1)
  5 shadow wraiths
  13 skeletal warriors
  A soul eater (Crypt:1)
  23 deep elf knights
  7 sea snakes
  2 spatial maelstroms (Abyss:3)
  An entropy weaver zombie (Crypt:3)
  2 wizards (WizLab)
  2 starcursed masses (Abyss:3)
  A flayed ghost (Vaults:5)
  6 deep trolls
  18 deep elf archers
  3 phantasmal warriors
  4 naga ritualists (Snake:4)
  An obsidian statue (WizLab)
  A glowing orange brain (Vaults:1)
  9 orc knights
  3 necromancers
  3 wolf spiders
  25 harpies
  53 deep elf magi
  2 orc sorcerers
  9 ironbrand convokers
  26 ugly things
  An orb spider (Abyss:3)
  4 mana vipers
  3 shining eyes
  A shadow dragon skeleton (Crypt:3)
  13 fauns
  6 cyclopes
  12 manticores
  An iron dragon skeleton (Tomb:1)
  3 salamanders
  3 worldbinders
  6 elephants (Lair:4)
  8 merfolk sirens
  2 ice statues (IceCv)
  4 guardian serpents
  8 water nymphs
  2 centaur zombies (D:12)
  A rust devil (Abyss:3)
  2 smoke demons (Abyss:3)
  19 naga magi
  6 spiny frogs
  16 black mambas
  12 vault sentinels
  A titan simulacrum (Crypt:3)
  6 rime drakes
  12 large abominations
  A komodo dragon (Lair:5)
  2 kobold demonologists (D:12)
  33 yaktaurs
  A catoblepas skeleton (Crypt:1)
  A golden dragon simulacrum (Crypt:3)
  10 ice devils (IceCv)
  7 freezing wraiths
  A guardian mummy (Tomb:1)
  A hydra zombie (Crypt:3)
  3 ancient zymes
  11 trolls
  A troll (shapeshifter) (Vaults:4)
  3 meliai (D:12)
  30 merfolk
  6 polar bears
  A hornet (D:11)
  A slime creature (shapeshifter) (Vaults:2)
  53 slime creatures
  8 wind drakes
  18 blink frogs
  An ettin zombie (Crypt:3)
  4 raiju (Abyss:3)
  4 dream sheep (Shoals:2)
  A frost giant simulacrum (Crypt:3)
  12 hippogriffs
  An iron dragon simulacrum (Crypt:1)
  2 air elementals (Elf:3)
  9 snapping turtles
  3 shadows (Crypt:1)
  2 redbacks (Vaults:3)
  4 wraiths
  2 ynoxinuls
  A tarantella (shapeshifter) (Elf:1)
  13 water elementals
  4 vampires (Crypt:3)
  12 wyverns
  64 yaks
  A yak (shapeshifter) (Elf:2)
  A hungry ghost (D:10)
  An ushabti (Tomb:1)
  4 fire elementals
  3 hogs (Snake:3)
  4 basilisks
  3 neqoxecs
  A steam dragon (Lair:4)
  3 small abominations
  2 chaos spawn (Abyss:3)
  2 insubstantial wisps
  2 vampire mosquitoes (D:13)
  2 spatial vortices (WizLab)
  34 nagas
  A soldier ant (D:13)
  4 wargs
  2 acid dragons (Vaults:2)
  An infernal demonspawn zombie (Crypt:1)
  2 hell hounds
  A spiny frog zombie (Crypt:3)
  A floating eye (Slime:2)
  13 water moccasins
  11 porcupines
  28 orc warriors
  10 ice beasts
  4 sky beasts
  A black bear (shapeshifter) (Elf:1)
  A necrophage (Crypt:1)
  A spiny frog skeleton (Crypt:3)
  7 black bears
  2 eyes of draining
  3 phantoms
  An ice dragon simulacrum (Crypt:3)
  23 ogres
  A fire dragon simulacrum (Crypt:3)
  A swamp dragon skeleton (Abyss:3)
  11 wolves
  3 boggarts (Vaults:2)
  7 centaurs
  A manticore skeleton (Abyss:3)
  6 crocodiles
  A yaktaur zombie (Crypt:1)
  2 big kobolds
  4 earth elementals
  15 bullfrogs
  2 scorpions
  A spriggan zombie (Crypt:3)
  2 human simulacra
  A howler monkey (D:11)
  7 electric eels
  5 crimson imps
  A bullfrog zombie (Crypt:1)
  A quasit (D:12)
  An iron imp (Abyss:3)
  3 bullfrog skeletons
  2 centaur skeletons
  4 jellies
  28 orc wizards
  A gnoll shaman (D:6)
  28 orc priests
  6 hounds
  3 iguanas
  Ijyb (D:3)
  6 hell rats (Lair:5)
  7 worker ants
  A hound skeleton (D:5)
  A worker ant zombie (D:9)
  8 adders
  7 gnolls
  A howler monkey skeleton (D:10)
  2 shadow imps
  8 white imps
  5 ufetubi
  An adder skeleton (D:4)
  An adder zombie (D:7)
  A worm (D:6)
  A dart slug (D:2)
  A leopard gecko (D:4)
  81 orcs
  7 bats
  8 giant cockroaches
  13 goblins
  15 hobgoblins
  6 jackals
  A quokka (D:6)
  4 frilled lizards
  A giant cockroach zombie (D:5)
  A jackal skeleton (Crypt:3)
  18 kobolds
  11 rats
  A rat skeleton (Crypt:1)
  2 crawling corpses (Vaults:5)
  2 fungi
  5 plants
  2 starspawn tentacles
1669 creatures vanquished.

Vanquished Creatures (collateral kills)
  A lich (Abyss:3)
  A deep elf master archer (Elf:3)
  An azure jelly (Slime:5)
  A revenant (Abyss:3)
  A deep elf sorcerer (Elf:3)
  A deep elf elementalist (Elf:3)
  2 death oozes (Slime:5)
  A great orb of eyes (Slime:5)
  A satyr (Abyss:3)
  A sun demon (Abyss:3)
  2 wretched stars (Abyss:3)
  A fire crab (shapeshifter) (Abyss:3)
  A large abomination (Abyss:3)
  An apocalypse crab (Abyss:3)
  An ancient zyme (Abyss:3)
  A hellwing (Abyss:3)
  4 slime creatures (Slime:5)
  3 raiju (Abyss:3)
  An insubstantial wisp (Abyss:3)
  A quasit (Abyss:3)
27 creatures vanquished.

Vanquished Creatures (others)
  An orc knight (Vaults:5)
  A freezing wraith (Vaults:5)
  A merfolk (Shoals:3)
  A blink frog (WizLab)
  A sky beast (shapeshifter) (Vaults:5)
  A mummy (Tomb:1)
  7 white imps (IceCv)
  3 ufetubi (IceCv)
  An orc (Vaults:5)
  4 fungi
  12 plants
  5 starspawn tentacles
  8 tentacles (Shoals:3)
46 creatures vanquished.

Grand Total: 1742 creatures vanquished

Notes
Turn   | Place    | Note
-------+----------+-------------------------------------------
     0 | D:1      | 4thArraOfDagon the Gnoll Monk began the quest for the Orb.
     0 | D:1      | Reached XP level 1. HP: 23/23 MP: 1/1
   176 | D:2      | Reached XP level 2. HP: 21/29 MP: 2/2
   268 | D:2      | Found a radiant altar of Vehumet.
   270 | D:2      | Found a deep blue altar of Sif Muna.
   270 | D:2      | Found a hide-covered altar of Uskayaw.
   281 | D:2      | Found a bloodstained altar of Trog.
   281 | D:2      | Found a glowing silver altar of Zin.
   320 | D:2      | Learned a level 1 spell: Apportation
   381 | D:3      | BLOAX: gnoll
   387 | D:3      | BLOAX: more like
   387 | D:3      | Reached XP level 3. HP: 33/35 MP: 3/3
   420 | D:3      | BLOAX: Mentally Challenged (tm) Adventurer
   540 | D:5      | Entered Level 5 of the Dungeon
   540 | D:5      | Noticed a centaur
   577 | D:4      | Found a staircase to the Ecumenical Temple.
   586 | D:4      | Reached skill level 1 in Invocations
   589 | Temple   | Entered the Ecumenical Temple
   614 | Temple   | 4thArraOfDagon: ofc no chei
   620 | Temple   | 4thArraOfDagon: ofc!
   629 | Temple   | Became a worshipper of the Shining One
   629 | Temple   | Reached * piety under the Shining One
   629 | Temple   | Reached ** piety under the Shining One
   667 | D:4      | Reached skill level 1 in Short Blades
   667 | D:4      | Reached skill level 1 in Long Blades
   667 | D:4      | Reached skill level 1 in Maces & Flails
   667 | D:4      | Reached skill level 1 in Polearms
   667 | D:4      | Reached skill level 1 in Staves
   667 | D:4      | Reached skill level 1 in Slings
   667 | D:4      | Reached skill level 1 in Bows
   667 | D:4      | Reached skill level 1 in Crossbows
   667 | D:4      | Reached skill level 1 in Throwing
   667 | D:4      | Reached skill level 1 in Armour
   667 | D:4      | Reached skill level 1 in Shields
   667 | D:4      | Reached skill level 1 in Unarmed Combat
   667 | D:4      | Reached skill level 1 in Spellcasting
   667 | D:4      | Reached skill level 1 in Evocations
   723 | D:3      | BLOAX: same thing happened when i tried Gn
   734 | D:3      | Reached XP level 4. HP: 38/41 MP: 5/5
   824 | D:3      | Reached skill level 1 in Conjurations
   824 | D:3      | Reached skill level 1 in Hexes
   824 | D:3      | Reached skill level 1 in Charms
   824 | D:3      | Reached skill level 1 in Summonings
   824 | D:3      | Reached skill level 1 in Necromancy
   824 | D:3      | Reached skill level 1 in Translocations
   824 | D:3      | Reached skill level 1 in Transmutations
   824 | D:3      | Reached skill level 1 in Fire Magic
   824 | D:3      | Reached skill level 1 in Ice Magic
   824 | D:3      | Reached skill level 1 in Air Magic
   824 | D:3      | Reached skill level 1 in Earth Magic
   824 | D:3      | Reached skill level 1 in Poison Magic
   956 | D:4      | Reached XP level 5. HP: 47/47 MP: 6/6
   983 | D:4      | Noticed a sky beast
  1006 | D:4      | Killed a sky beast
  1009 | D:4      | Gained mutation: Armour fits poorly on your strangely shaped body. [mutagenic meat]
  1078 | D:5      | Noticed an ogre
  1090 | D:6      | Found a shattered altar of Ashenzari.
  1194 | D:6      | Noticed Pikel
  1195 | D:6      | Noticed a slave
  1209 | D:7      | Noticed a centaur
  1240 | D:7      | Killed a centaur
  1240 | D:7      | Reached XP level 6. HP: 24/53 MP: 8/8
  1342 | D:8      | Reached skill level 2 in Polearms
  1361 | D:8      | Found a flagged portal.
  1370 | Bailey   | Entered a bailey
  1374 | Bailey   | Noticed an orc warrior
  1438 | D:8      | Mulzaro: oi bloax boi
  1488 | D:8      | Noticed a sky beast
  1502 | D:8      | Killed a sky beast
  1502 | D:8      | Reached XP level 7. HP: 45/59 MP: 10/10
  1505 | D:8      | Gained mutation: You can translocate small distances at will. [mutagenic meat]
  1507 | D:8      | Gained mutation: You do not regenerate when monsters are visible. [mutagenic meat]
  1508 | D:8      | Gained mutation: Your body sometimes deteriorates upon taking damage. [mutagenic meat]
  1509 | D:8      | Gained mutation: You are resistant to hostile enchantments. (MR+) [mutagenic meat]
  1510 | D:8      | BLOAX: henlo
  1529 | D:8      | BLOAX: these muts
  1532 | D:8      | BLOAX: y u ck
  1680 | D:7      | BLOAX: zin would definitely recommend purge-all
  1722 | D:7      | BLOAX: only 90% of your gold + 400!
  1766 | D:7      | Reached skill level 5 in Stealth
  1839 | D:7      | Reached XP level 8. HP: 10/67 MP: 12/12
  1844 | D:7      | Reached *** piety under the Shining One
  1848 | D:7      | HP: 2/67 [centaur skeleton (4)]
  1850 | D:7      | BLOAX: almost became dungeon bacon there
  1865 | D:7      | BLOAX: but not quite
  1882 | D:7      | BLOAX: must try harder
  1940 | D:7      | :O
  2057 | D:8      | 4thArraOfDagon: i sense vewy good items
  2060 | D:9      | Found a staircase to the Orcish Mines.
  2103 | D:9      | Reached skill level 3 in Polearms
  2106 | D:9      | Gained mutation: You are weak. (Str -2) [mutagenic meat]
  2107 | D:9      | Gained mutation: Your movements are slightly less encumbered by armour. (ER -2) [mutagenic meat]
  2109 | D:9      | Gained mutation: You are agile. (Dex +2) [mutagenic meat]
  2111 | D:9      | Gained mutation: Your flesh is cold resistant. (rC+) [mutagenic meat]
  2262 | D:10     | Entered Level 10 of the Dungeon
  2473 | D:9      | Noticed a two-headed ogre
  2515 | D:11     | BLOAX: https://www.youtube.com/watch?v=J-Zuk8YXmX4
  2545 | D:11     | BLOAX: veri gud taim
  2660 | D:11     | Noticed a hippogriff
  2699 | D:12     | Noticed arkorax's ghost (journeyman FoFi)
  2702 | D:12     | Reached XP level 9. HP: 51/73 MP: 14/14
  2718 | D:11     | BLOAX: UH OH
  2825 | D:11     | Noticed a troll
  2836 | D:11     | Killed a troll
  2836 | D:11     | Reached skill level 4 in Polearms
  2886 | D:11     | Noticed a hornet
  3063 | D:12     | Noticed a death knight
  3116 | D:13     | Lost mutation: You are weak. (Str -2) [potion of mutation]
  3116 | D:13     | Lost mutation: You are resistant to hostile enchantments. (MR+) [potion of mutation]
  3116 | D:13     | Gained mutation: Your body often deteriorates upon taking damage. [potion of mutation]
  3116 | D:13     | Gained mutation: You passively map a small area around you. [potion of mutation]
  3123 | D:13     | Noticed a white ugly thing
  3123 | D:13     | Noticed a centaur warrior
  3123 | D:13     | Noticed a centaur warrior
  3127 | D:13     | Noticed a necromancer
  3127 | D:13     | Noticed a troll
  3145 | D:12     | Noticed a kobold demonologist
  3145 | D:12     | Reached **** piety under the Shining One
  3158 | D:12     | Noticed a cyan ugly thing
  3161 | D:12     | Noticed a kobold demonologist
  3163 | D:12     | Noticed a hellwing
  3165 | D:12     | Noticed a kobold demonologist
  3168 | D:12     | Noticed a rust devil
  3172 | D:12     | Noticed a centaur warrior
  3185 | D:12     | Killed a centaur warrior
  3185 | D:12     | Reached skill level 5 in Invocations
  3185 | D:12     | Reached XP level 10. HP: 18/80 MP: 15/17
  3196 | D:12     | The Shining One protects you from harm!
  3199 | D:12     | HP: 1/80 [bullfrog (4)]
  3242 | D:12     | Mulzaro: not even close
  3246 | D:12     | Mulzaro: oh crap
  3249 | D:12     | BLOAX: SPLAT INC ??
  3256 | D:12     | BLOAX: FIND OUT
  3269 | D:12     | BLOAX: IN THE NEXT EPISODE OF DRAGON BALL Z
  3391 | D:12     | Reached skill level 5 in Short Blades
  3391 | D:12     | Reached skill level 5 in Long Blades
  3391 | D:12     | Reached skill level 5 in Maces & Flails
  3391 | D:12     | Reached skill level 5 in Polearms
  3391 | D:12     | Reached skill level 5 in Staves
  3391 | D:12     | Reached skill level 5 in Slings
  3391 | D:12     | Reached skill level 5 in Bows
  3391 | D:12     | Reached skill level 5 in Crossbows
  3391 | D:12     | Reached skill level 5 in Throwing
  3391 | D:12     | Reached skill level 5 in Armour
  3391 | D:12     | Reached skill level 5 in Shields
  3391 | D:12     | Reached skill level 5 in Unarmed Combat
  3391 | D:12     | Reached skill level 5 in Spellcasting
  3391 | D:12     | Reached skill level 5 in Evocations
  3496 | D:12     | Mulzaro: :DDD
  3504 | D:12     | Mulzaro: pls make it stahp
  3635 | D:12     | Noticed a cyclops
  3793 | D:11     | Noticed an eight-headed hydra
  3794 | D:11     | Mulzaro: nice muts bro
  3794 | D:11     | :O
  4021 | D:11     | Noticed arkorax's ghost (novice MiBe)
  4053 | D:12     | Killed a kobold demonologist
  4077 | D:12     | Killed a kobold demonologist
  4447 | D:12     | Killed a death knight
  4661 | D:12     | Got an ancient ring mail
  4674 | D:12     | Identified the +4 ring mail of Peek-a-Boo {rPois MR- Int+4 Dex+5} (You took it off an orc on level 12 of the Dungeon)
  4687 | D:12     | BLOAX: mr- on the race with least MR
  4687 | D:12     | BLOAX: let's fucking go
  4687 | D:11     | Mulzaro: lol
  4841 | D:10     | Reached XP level 11. HP: 73/87 MP: 19/19
  4864 | D:10     | Found Woicid's Food Emporium.
  4873 | D:10     | :/
  4885 | D:10     | 4thArraOfDagon: i think this is too deep for me
  4918 | D:10     | 4thArraOfDagon: *deep thoughts
  4936 | D:10     | Noticed a two-headed ogre
  4979 | D:10     | BLOAX: very deep race
  5010 | D:10     | BLOAX: too deep for our feeble minds
  5033 | D:10     | Found a glowing silver altar of Zin.
  5042 | D:10     | Mulzaro: such dark
  5051 | D:10     | Mulzaro: much deep
  5070 | D:10     | BLOAX: wow fantasies
  5276 | D:6      | Found a snail-covered altar of Cheibriados.
  5374 | D:5      | Reached ***** piety under the Shining One
  5454 | D:3      | Noticed Ijyb
  5460 | D:3      | Killed Ijyb
  5637 | D:1      | Mulzaro: suddenly D:1
  5668 | D:1      | 4thArraOfDagon: well
  5668 | D:1      | 4thArraOfDagon: :(
  5668 | D:1      | BLOAX: craterun
  5668 | D:1      | 4thArraOfDagon: game refused to accept heroic speedrun dive so I must continue
  5724 | D:1      | BLOAX: is that still there
  5724 | D:1      | Reached skill level 6 in Polearms
  5730 | D:1      | BLOAX: ??craterun
  5730 | D:1      | beem: craterun ~ craterc[1/3]: http://crawl.akrasiac.org/rcfiles/crawl-git/crate.rc
  5825 | D:3      | Found a sacrificial altar of Ru.
  6014 | D:5      | Reached skill level 5 in Conjurations
  6014 | D:5      | Reached skill level 5 in Hexes
  6014 | D:5      | Reached skill level 5 in Charms
  6014 | D:5      | Reached skill level 5 in Summonings
  6014 | D:5      | Reached skill level 5 in Necromancy
  6014 | D:5      | Reached skill level 5 in Translocations
  6014 | D:5      | Reached skill level 5 in Transmutations
  6014 | D:5      | Reached skill level 5 in Fire Magic
  6014 | D:5      | Reached skill level 5 in Ice Magic
  6014 | D:5      | Reached skill level 5 in Air Magic
  6014 | D:5      | Reached skill level 5 in Earth Magic
  6014 | D:5      | Reached skill level 5 in Poison Magic
  6185 | D:5      | Found a shimmering altar of Xom.
  6261 | D:5      | Lost mutation: Armour fits poorly on your strangely shaped body. [potion of mutation]
  6261 | D:5      | Lost mutation: Your body often deteriorates upon taking damage. [potion of mutation]
  6261 | D:5      | Gained mutation: You are partially covered in rugged brown scales. (AC +1, +3% HP) [potion of mutation]
  6261 | D:5      | Gained mutation: You have sharp toenails. [potion of mutation]
  6277 | D:5      | Found a shadowy altar of Dithmenos.
  6632 | D:7      | 4thArraOfDagon: https://www.youtube.com/watch?v=FasW8KSz4w8
  6632 | D:7      | 4thArraOfDagon: kind of what i'm into recently
  6788 | D:9      | Killed a two-headed ogre
  6844 | Orc:1    | Entered Level 1 of the Orcish Mines
  6876 | Orc:2    | Entered Level 2 of the Orcish Mines
  6876 | Orc:2    | Noticed an orc knight
  6970 | Orc:1    | Mulzaro: pretty gud
  7105 | Orc:1    | Found a frozen archway.
  7115 | IceCv    | Entered an ice cave
  7625 | IceCv    | p0werm0de: !xxx wazuzu
  7626 | IceCv    | beem: p0werm0de gestures wildly while chanting. 8 tentacled monstrosities appear! The tentacled monstrosity tentacle-slaps wazuzu! x8
  7691 | IceCv    | Got a pair of ancient gloves
  7709 | IceCv    | Identified the cursed +0 pair of gloves "Gotur" {Slay+4} (You found it in an ice cave)
  7710 | IceCv    | p0werm0de: nice gloves
  7749 | IceCv    | Noticed kal9871's ghost (journeyman KoHu)
  7756 | IceCv    | 4thArraOfDagon: how tough is this guy
  7756 | IceCv    | 4thArraOfDagon: huh?
  7756 | IceCv    | BLOAX: UNKiLLABLE
  7756 | IceCv    | p0werm0de: !lg kal9871 kohu -log
  7756 | IceCv    | beem: 4. kal9871, XL14 KoHu, T:28064: http://crawl.xtahua.com/crawl/morgue/kal9871/morgue-kal9871-20171013-174720.txt
  7756 | IceCv    | p0werm0de: low dmg
  7756 | IceCv    | 4thArraOfDagon: rapier
  7756 | IceCv    | 4thArraOfDagon: and quadrilion of xbow
  7778 | IceCv    | Killed kal9871's ghost
  7781 | IceCv    | ReniFell: lol 18 xbows
  7782 | IceCv    | arkorax: nice armor tho
  7812 | IceCv    | Reached XP level 12. HP: 83/98 MP: 22/22
  7896 | IceCv    | Noticed a reaper
  7904 | IceCv    | Killed a reaper
  7910 | IceCv    | arkorax: oo nice
  7921 | IceCv    | Reached skill level 7 in Polearms
  8215 | Orc:2    | BLOAX: now you won't get instagibbed by nikola just kidding
  8246 | Orc:1    | arkorax: Nicola casts arc lightning
  8252 | Orc:1    | arkorax: you ded
  8319 | Orc:1    | 4thArraOfDagon: no u
  8329 | Orc:1    | arkorax: :(
  8438 | Orc:2    | Found a staircase to the Elven Halls.
  8934 | Orc:2    | ReniFell: :D
  8942 | Orc:2    | ReniFell: fun
  9240 | Orc:2    | Reached ****** piety under the Shining One
  9256 | Orc:2    | Noticed an orc high priest
  9260 | Orc:2    | Noticed an orc high priest
  9372 | Orc:2    | Noticed a soul eater
  9374 | Orc:2    | Noticed a sun demon
  9375 | Orc:2    | Killed an orc high priest
  9375 | Orc:2    | Reached skill level 10 in Fighting
  9375 | Orc:2    | Reached skill level 10 in Axes
  9375 | Orc:2    | Reached skill level 10 in Dodging
  9521 | Orc:2    | Noticed an orc high priest
  9528 | Orc:2    | Killed an orc high priest
  9652 | Orc:2    | jacquesderrida: DAGARN
  9664 | Orc:2    | Noticed an orc high priest
  9690 | Orc:2    | ReniFell: jakeng
  9695 | Orc:2    | Killed an orc high priest
  9695 | Orc:2    | Reached XP level 13. HP: 73/106 MP: 24/24
  9702 | Orc:2    | jacquesderrida: Thank
  9812 | Orc:2    | jacquesderrida: https://youtu.be/6CGNZ0VY1qE?t=791
  9813 | Orc:2    | jacquesderrida: it me
  9839 | Orc:2    | jacquesderrida: uncle jed
  9906 | Orc:2    | Found Ozu Jeicatz's Food Shoppe.
  9906 | Orc:2    | Found Oferenew's Antique Armour Emporium.
  9907 | Orc:2    | Found Imaich's Antique Armour Emporium.
  9910 | Orc:2    | Found Ginaer's Antique Armour Shoppe.
  9916 | Orc:2    | Bought a pair of glowing boots for 232 gold pieces
  9926 | Orc:2    | Identified a +2 pair of boots of running (You bought it in a shop on level 2 of the Orcish Mines)
  9929 | Orc:2    | Bought a slimy chain mail for 275 gold pieces
  9939 | Orc:2    | Identified the +9 chain mail of the Harvest {+Fly rC- rCorr Int-2} (You bought it in a shop on level 2 of the Orcish Mines)
  9961 | Orc:2    | jacquesderrida: run bootz
 10152 | D:11     | jacquesderrida: Abraxas
 10152 | D:11     | jacquesderrida: u gost
 10152 | D:11     | 4thArraOfDagon: !lg Arkorax mibe -log
 10152 | D:11     | beem: 21. arkorax, XL10 MiBe, T:7402: http://crawl.xtahua.com/crawl/morgue/arkorax/morgue-arkorax-20171013-182552.txt
 10152 | D:11     | arkorax: weak af
 10152 | D:11     | arkorax: i was in an animal skin only
 10160 | D:11     | Killed arkorax's ghost
 10176 | D:10     | arkorax: oh look baguetteboy :o
 10184 | D:11     | jacquesderrida: Gnale
 10216 | D:11     | jacquesderrida: helo
 10240 | D:11     | Found a staircase to the Lair.
 10307 | Lair:1   | BLOAX: henlo
 10307 | Lair:1   | Entered Level 1 of the Lair of Beasts
 10320 | Lair:1   | jacquesderrida: Blarx
 10328 | Lair:1   | BLOAX: minoetaur is here to remind you of past killings
 10330 | Lair:1   | jacquesderrida: The denmark meng
 10335 | Lair:1   | Reached skill level 8 in Polearms
 10335 | Lair:1   | jacquesderrida: u a live
 10354 | Lair:1   | BLOAX: never was kill
 10410 | Lair:1   | jacquesderrida: I watched a kino about denmark a few days ago
 10423 | Lair:1   | jacquesderrida: was naice
 10499 | Lair:1   | wazuzu: I ate a danish yesterday, was ok
 10550 | Lair:1   | jacquesderrida: wazuzir pls
 10640 | Lair:1   | jacquesderrida: Dane mane
 10741 | Lair:1   | arkorax: De mame
 10767 | Lair:1   | wazuzu: das it mane
 10775 | Lair:1   | wazuzu: bix nood
 10780 | Lair:1   | jacquesderrida: https://www.youtube.com/watch?v=Xxu8VdoaXE8
 10780 | Lair:1   | jacquesderrida: i agree
 10829 | Lair:2   | jacquesderrida: 10 spectres in this here chat
 10830 | Lair:2   | jacquesderrida: das it mane
 10832 | Lair:2   | jacquesderrida: das it
 10959 | Lair:1   | Learned a level 6 spell: Statue Form
 11047 | Lair:1   | arkorax: sehr gut, ja
 11079 | Lair:1   | wazuzu: niemiec
 11133 | Lair:2   | arkorax: aneda
 11149 | Lair:2   | arkorax: najbol nemec kle haha
 11180 | Lair:2   | arkorax: wazuzu?
 11194 | Lair:2   | arkorax: do you know bazuzu?
 11203 | Lair:2   | wazuzu: no
 11246 | Lair:2   | arkorax: https://www.youtube.com/watch?v=YKR1Nw9sOp4
 11248 | Lair:2   | arkorax: damn :(
 11305 | Lair:1   | jacquesderrida: Slovinski memers
 11630 | Lair:2   | arkorax: *Slovenski
 11635 | Lair:2   | arkorax: mein gott
 11643 | Lair:2   | wazuzu: nein
 11648 | Lair:1   | wazuzu: nein gott
 11699 | Lair:1   | wazuzu: |||
 11701 | Lair:1   | arkorax: !
 11743 | Lair:1   | arkorax: Gott ist nicht tot, ja?
 11785 | Lair:2   | p0werm0de: die dicke BERTHA!
 11818 | Lair:2   | wazuzu: ficki ficki
 11847 | Lair:2   | wazuzu: halt die fresse
 11895 | Lair:2   | Found a staircase to the Shoals.
 11910 | Lair:2   | wazuzu: unteralterbach
 11933 | Lair:3   | wazuzu: that's all my deutsch
 11978 | Lair:3   | BLOAX: interesting track
 12103 | Lair:3   | arkorax: ficki dicki
 12103 | Lair:3   | wazuzu: I saw a bazar today irl
 12112 | Lair:3   | arkorax: marketplace?
 12113 | Lair:3   | wazuzu: they had a hungarian stand with hungarian shit on it
 12117 | Lair:3   | arkorax: haha
 12127 | Lair:3   | wazuzu: literally every fucking thing had paprika in it
 12127 | Lair:3   | arkorax: ghoulash?
 12127 | Lair:3   | arkorax: goulash
 12140 | Lair:3   | arkorax: i mean
 12142 | Lair:3   | arkorax: its good
 12148 | Lair:3   | jacquesderrida: we slovinskis
 12163 | Lair:3   | Found a staircase to the Snake Pit.
 12165 | Lair:3   | wazuzu: 10 sorts of sausages all with paprika
 12165 | Lair:3   | BLOAX: good like ghouls %^)
 12165 | Lair:3   | arkorax: all tho in slovenia we have different recepy
 12168 | Lair:3   | arkorax: 50% oniion, 50% beef
 12182 | Lair:3   | wazuzu: normal
 12183 | Lair:3   | arkorax: 100% cumin
 12261 | Lair:3   | wazuzu: in russia 50% onions 50% beef is bielashes
 12276 | Lair:3   | wazuzu: or in bialorus
 12309 | Lair:3   | wazuzu: no fugin idea where bielashes are from
 12381 | Lair:4   | wazuzu: deep fried donuts with meat and onions
 12411 | Lair:4   | wazuzu: actually better than you think
 12472 | Lair:4   | BLOAX: they're quite good
 12557 | Lair:4   | wazuzu: stoit statuja
 12564 | Lair:4   | wazuzu: ruka podniata
 12570 | Lair:4   | wazuzu: a vmesto huja
 12578 | Lair:4   | wazuzu: visit granata
 12612 | Lair:4   | Reached XP level 14. HP: 81/114 MP: 26/26
 12697 | Lair:4   | wazuzu: ^ true story
 12703 | Lair:4   | Lost mutation: You are partially covered in rugged brown scales. (AC +1, +3% HP) [potion of mutation]
 12703 | Lair:4   | Lost mutation: You are agile. (Dex +2) [potion of mutation]
 12703 | Lair:4   | Gained mutation: You evolve. [potion of mutation]
 12703 | Lair:4   | Gained mutation: You are agile. (Dex +2) [potion of mutation]
 12729 | Lair:5   | BLOAX: destroying monuments like ISIL barbarians %)
 12734 | Lair:6   | Entered Level 6 of the Lair of Beasts
 12760 | Lair:5   | wazuzu: or like murrican leftards
 12802 | Lair:5   | wazuzu: or ukrainian
 12824 | Lair:5   | wazuzu: although tbh lenin has got to go
 12870 | Lair:5   | wazuzu: of all things, fuck commies
 12870 | Lair:5   | BLOAX: destroying books is awfully uncivilized
 12870 | Lair:5   | Identified a glowing trishula {god gift} (a glowing demon trident blessed by the Shining One)
 12870 | Lair:5   | Received a gift from the Shining One
 12924 | Lair:5   | Reached skill level 9 in Polearms
 12955 | Lair:5   | Reached skill level 10 in Stealth
 13075 | Lair:5   | Found a runed door.
 13075 | Lair:5   | Found a viscous altar of Jiyva.
 13075 | Lair:5   | Found a staircase to the Slime Pits.
 13075 | Lair:5   | Noticed an acid blob
 13093 | Lair:5   | jacquesderrida: https://www.youtube.com/watch?v=vHS_PB7Uyyw
 13249 | Lair:5   | Reached skill level 10 in Invocations
 13261 | Lair:5   | jacquesderrida: pls no
 13295 | Lair:5   | jacquesderrida: lenin gud
 13330 | Lair:5   | ReniFell: rofl
 13358 | Lair:5   | ReniFell: jek ty chego
 13393 | Lair:6   | Lost mutation: You do not regenerate when monsters are visible. [evolution]
 13394 | Lair:6   | :O
 13394 | Lair:6   | jacquesderrida: che
 13414 | Lair:6   | jacquesderrida: go, che, go
 13420 | Lair:6   | jacquesderrida: i agree
 13444 | Lair:6   | wazuzu: https://49.media.tumblr.com/e74fe2eb4154d737022385aad9da5056/tumblr_nzo5m9z3uX1u9o3mxo1_500.gif
 13444 | Lair:6   | Identified a scroll of acquirement
 13469 | Lair:6   | jacquesderrida: rip old bold meng
 13484 | Lair:6   | :O
 13484 | Lair:6   | BLOAX: ripp
 13489 | Lair:6   | wazuzu: karma
 13561 | Lair:6   | BLOAX: karma would be putting up a bigger statue taking a dump on said statue
 13593 | Lair:6   | wazuzu: everyone hatin on nazis, and they all keep forgetting to hate the commies :(
 13643 | Lair:6   | BLOAX: nazis are commies too : (
 13676 | Lair:6   | wazuzu: #notrealsocialism
 13705 | Lair:6   | jacquesderrida: Nazis are hated solely because of genocide
 13727 | Lair:6   | BLOAX: except alternative facts would have you think otherwise :^)
 13757 | Lair:6   | Vajrapani: kek
 13758 | Lair:6   | Reached XP level 15. HP: 101/119 MP: 28/28
 13801 | Lair:6   | Vajrapani: btw how tf did 4tharra get a +8 trishula in lair
 13884 | Lair:6   | jacquesderrida: sucker punched an elephant man
 13905 | Lair:6   | Vajrapani: nice
 14140 | Lair:6   | jacquesderrida: big beautiful commie
 14489 | Elf:1    | Entered Level 1 of the Elven Halls
 14619 | Elf:1    | wazuzu: big beautiful ropes are waiting in 500+m raduis :^)
 14668 | Elf:1    | wazuzu: bring your soap :^)
 14679 | Elf:1    | Reached skill level 10 in Short Blades
 14679 | Elf:1    | Reached skill level 10 in Long Blades
 14679 | Elf:1    | Reached skill level 10 in Maces & Flails
 14679 | Elf:1    | Reached skill level 10 in Polearms
 14679 | Elf:1    | Reached skill level 10 in Staves
 14679 | Elf:1    | Reached skill level 10 in Slings
 14679 | Elf:1    | Reached skill level 10 in Bows
 14679 | Elf:1    | Reached skill level 10 in Crossbows
 14679 | Elf:1    | Reached skill level 10 in Throwing
 14679 | Elf:1    | Reached skill level 10 in Armour
 14679 | Elf:1    | Reached skill level 10 in Shields
 14679 | Elf:1    | Reached skill level 10 in Unarmed Combat
 14679 | Elf:1    | Reached skill level 10 in Spellcasting
 14679 | Elf:1    | Reached skill level 10 in Evocations
 14701 | Elf:1    | ReniFell: so rude man
 14883 | Elf:2    | wazuzu: did you just fucking assume my gender
 14914 | Elf:2    | Learned a level 2 spell: Swiftness
 14988 | Elf:3    | Entered Level 3 of the Elven Halls
 15004 | Elf:3    | BLOAX: whuchu gunna du abut it nigguh
 15038 | Elf:2    | jacquesderrida: There was that documentary
 15072 | Elf:3    | jacquesderrida: about the indonesian revolution
 15127 | Elf:3    | Noticed a deep elf sorcerer
 15135 | Elf:3    | Killed a deep elf sorcerer
 15211 | Elf:3    | jacquesderrida: Where some amerikanski gave the monies to the now old and demented revolutionaries to reenact their killings of commies in the 50s or 60s
 15211 | Elf:3    | BLOAX: well anyhow
 15229 | Elf:3    | BLOAX: gl try to hf or something
 15257 | Elf:3    | BLOAX: time to Zz z z
 15325 | Elf:3    | BLOAX: and not get stabbed by spriggan enchanters
 15345 | Elf:3    | jacquesderrida: Some chilling insights into trials and tribulations of having to execute 2 million people while having only the butchery room and a copper wire
 15345 | Elf:3    | Reached XP level 16. HP: 127/127 MP: 30/30
 15424 | Elf:3    | BLOAX: that's a lot of strangling
 15456 | Elf:3    | jacquesderrida: Some communists weren't that lucky in the last century
 15483 | Elf:3    | wazuzu: they could have sharpened it and cut the throat
 15503 | Elf:3    | jacquesderrida: More like sawing the heads off, my friend
 15503 | Elf:3    | wazuzu: on the contrary
 15524 | Elf:3    | Noticed a deep elf master archer
 15526 | Elf:3    | wazuzu: some communists were lucky- they haven't been finished yet
 15538 | Elf:3    | Killed a deep elf master archer
 15543 | Elf:3    | Noticed a deep elf blademaster
 15548 | Elf:3    | Killed a deep elf blademaster
 15643 | Elf:3    | jacquesderrida: don't hate on commies pls i bag
 15782 | Elf:3    | jacquesderrida: http://www.imdb.com/title/tt2375605/
 15784 | Elf:2    | jacquesderrida: Kool stuff
 15802 | Elf:3    | Noticed a deep elf master archer
 15836 | Elf:2    | Killed a deep elf master archer
 15868 | Elf:3    | wazuzu: >the director is a jew
 15872 | Elf:3    | wazuzu: like pottery
 15873 | Elf:3    | Cast into level 3 of the Abyss (a deep elf sorcerer)
 15876 | Abyss:3  | Found a corrupted altar of Lugonu.
 15902 | Abyss:3  | Identified the +1 leather armour of Pathos {rPois rF+ Regen+ Str+2} (You found it on level 3 of the Abyss)
 16017 | Abyss:3  | Noticed a tentacled starspawn
 16025 | Abyss:3  | Killed a tentacled starspawn
 16041 | Abyss:3  | jacquesderrida: antisemitism smh
 16058 | Abyss:3  | Noticed a lich
 16064 | Abyss:3  | Killed a lich
 16124 | Abyss:3  | Noticed a revenant
 16127 | Abyss:3  | Killed a revenant
 16139 | Abyss:3  | arkorax: https://imgur.com/a/fbM5H
 16191 | Abyss:3  | jacquesderrida: Dam son
 16222 | Abyss:3  | Noticed a hellephant
 16230 | Abyss:3  | arkorax: im all skill
 16245 | Abyss:3  | Found a corrupted altar of Lugonu.
 16293 | Abyss:3  | wazuzu: god that cheese was awful
 16301 | Abyss:3  | Reached skill level 11 in Polearms
 16307 | Abyss:3  | arkorax: ikr
 16313 | Abyss:3  | arkorax: and youghurt too lol
 16318 | Abyss:3  | jacquesderrida: Ебать ты битчить горазд...
 16325 | Abyss:3  | jacquesderrida: тайм ту стап
 16334 | Abyss:3  | jacquesderrida: o.o
 16372 | Abyss:3  | wazuzu: żak, you like that cheese too much?
 16388 | Abyss:3  | Reached XP level 17. HP: 135/135 MP: 32/32
 16402 | Abyss:3  | Noticed a bone dragon
 16407 | Abyss:3  | jacquesderrida: nah
 16416 | Abyss:3  | Killed a bone dragon
 16425 | Abyss:3  | arkorax: i like cheese on pizza
 16428 | Abyss:3  | arkorax: thats about it
 16441 | Abyss:3  | arkorax: idk cheese is.....
 16443 | Abyss:3  | arkorax: special?
 16443 | Abyss:3  | Gained mutation: You are frail. (-10% HP) [a neqoxec]
 16464 | Abyss:4  | jacquesderrida: I like cheddar, maasdam, some soft ones
 16466 | Abyss:4  | jacquesderrida: gud stuff
 16472 | Abyss:4  | Got an ancient morningstar
 16481 | Abyss:4  | wazuzu: i like aged cheddar
 16482 | Abyss:4  | Noticed a tentacled starspawn
 16489 | Abyss:4  | wazuzu: 14 month aged
 16491 | Abyss:4  | Killed a tentacled starspawn
 16498 | Elf:3    | Escaped the Abyss
 16506 | Elf:3    | arkorax: this guy cheeses
 16511 | Elf:3    | jacquesderrida: Is this some sort of a euphemism
 16518 | Elf:3    | ReniFell: :D
 16518 | Elf:3    | arkorax: for pedos?
 16530 | Elf:3    | arkorax: 14 months....
 16531 | Elf:3    | wazuzu: 14 month?
 16532 | Elf:3    | arkorax: hmmm
 16539 | Elf:3    | jacquesderrida: Tfw he likes them 14 months old
 16545 | Elf:3    | wazuzu: you fucking sickos
 16551 | Elf:3    | ReniFell: for real
 16558 | Elf:3    | jacquesderrida: ;^)
 16565 | Elf:3    | arkorax: the younger the better amirite?
 16578 | Elf:3    | wazuzu: i can understand like 144 months
 16578 | Elf:3    | ReniFell: 14 days?
 16578 | Elf:3    | jacquesderrida: Yes
 16578 | Elf:3    | arkorax: 1/4 hours
 16588 | Elf:3    | arkorax: 1.4
 16597 | Elf:3    | ReniFell: wow kul
 16600 | Elf:3    | wazuzu: just jerk off and fuck your seamen
 16606 | Elf:3    | jacquesderrida: Newborn porn
 16620 | Elf:3    | jacquesderrida: Serbia yes
 16644 | Elf:3    | Noticed a deep elf master archer
 16660 | Elf:3    | Killed a deep elf master archer
 16672 | Elf:3    | ReniFell: did u ever tried fucking after jerking
 16688 | Elf:3    | ReniFell: its awful
 16695 | Elf:3    | ReniFell: man...
 16695 | Elf:3    | Identified the +1 morningstar of Interdependent Arising {freeze, *Drain Str+6} (You found it on level 4 of the Abyss)
 16706 | Elf:3    | wazuzu: it's OK if you are excited enough
 16773 | Elf:3    | jacquesderrida: Especially if there's a cow or a newborn around
 16774 | Elf:3    | ReniFell: ok is not enough tbh
 16801 | Elf:3    | jacquesderrida: To keep you hard AM I RIGHT GUYS
 16835 | Elf:3    | ReniFell: thats some special stuff
 16852 | Elf:3    | jacquesderrida: Kinky
 16865 | Elf:3    | wazuzu: you commies are some sick fucks
 16867 | Elf:3    | Found the ring of Robustness {AC+8}
 16889 | Elf:3    | arkorax: ruskies
 16889 | Elf:3    | Identified the cursed +1 leather armour of the Turtle {Int+5} (You found it on level 3 of the Elven Halls)
 16893 | Elf:3    | jacquesderrida: Communism is a must
 16893 | Elf:3    | wazuzu: ruskies are honorary niggers tbh
 16893 | Elf:3    | wazuzu: < ruski
 16893 | Elf:3    | jacquesderrida: Communism is a mast
 16900 | Elf:3    | jacquesderrida: on which you'll hang
 16902 | Elf:3    | jacquesderrida: ehehehehe
 16905 | Elf:3    | Got a translucent plate armour
 16906 | Elf:3    | wazuzu: масть
 16907 | Elf:3    | Got a shimmering buckler
 16911 | Elf:3    | wazuzu: по масти
 16929 | Elf:3    | jacquesderrida: Ебать тут /pol/ протекает
 16941 | Elf:3    | wazuzu: ok, żak, there are two chairs.................
 16948 | Elf:3    | ReniFell: Жиза
 16950 | Elf:3    | jacquesderrida: Соседей снизу затопим
 16952 | Elf:3    | Identified the Almanac of Dusty Self-Improvement
 16957 | Elf:3    | Learned a level 3 spell: Spectral Weapon
 16968 | Elf:3    | Gained mutation: Your flesh is heat resistant. (rF+) [evolution]
 16971 | Elf:3    | Got a polished ring mail
 16982 | Elf:3    | Identified Xoturop's Disquisition on Changing and the Voyage
 16983 | Elf:3    | arkorax: туттies
 16986 | Elf:3    | Learned a level 2 spell: Blink
 16989 | Elf:3    | Learned a level 2 spell: Passwall
 16997 | Elf:3    | Learned a level 7 spell: Dragon Form
 16997 | Elf:3    | wazuzu: well what to do if the only good political read is /pol/nowadays
 17022 | Elf:3    | arkorax: grow a neckbeard? ;p
 17022 | Elf:3    | jacquesderrida: Ебать, ты уже всех прочитал?
 17022 | Elf:3    | ReniFell: rofl
 17027 | Elf:3    | wazuzu: новости, Василий, новости
 17032 | Elf:3    | Identified the cursed -6 buckler of Untruth {MR+ Dex+2} (You found it on level 3 of the Elven Halls)
 17032 | Elf:3    | wazuzu: news, Vassili, news
 17042 | Elf:3    | Identified the +1 ring mail of Bitterness {Dex+3} (You found it on level 3 of the Elven Halls)
 17052 | Elf:3    | Identified the +9 plate armour "Nillio" {rElec} (You found it on level 3 of the Elven Halls)
 17052 | Elf:3    | wazuzu: actual current habbidings
 17052 | Elf:3    | jacquesderrida: Я все не соберусь вебера и коллонтай прочитать
 17052 | Elf:3    | jacquesderrida: дохуя слишком всего
 17063 | Elf:3    | wazuzu: haha
 17078 | Elf:3    | wazuzu: since I'm a father, I sometimes don't have time to wash my fucking balls
 17114 | Elf:2    | wazuzu: inb4 gtfo from chat and go fucking wash your balls
 17122 | Elf:2    | wazuzu: no
 17127 | Elf:2    | jacquesderrida: Are these things connected in some direct way????
 17143 | Elf:2    | jacquesderrida: call the cops lads
 17163 | Elf:2    | wazuzu: HWDP
 17218 | Elf:2    | ReniFell: pretty connected
 17238 | Elf:2    | Found a runed gate.
 17238 | Elf:2    | Found a runed gate.
 17238 | Elf:2    | Found a runed gate.
 17318 | Elf:2    | jacquesderrida: Balls deep in diaper shit
 17325 | Elf:2    | jacquesderrida: figuratively speaking
 17332 | Elf:2    | arkorax: hey free lube amirite?
 17334 | Elf:2    | wazuzu: ^ commies
 17372 | Elf:1    | wazuzu: fuck
 17433 | Elf:1    | wazuzu: _________________________^ commies
 17446 | Elf:1    | wazuzu: das it mane
 17557 | Elf:1    | jacquesderrida: Напоминает сердца четырех сорокина
 17560 | Elf:1    | Identified the cursed +2 shortbow "Lahuehiq" {freeze, Str+4 Int+4 Dex+3} (You found it on level 1 of the Elven Halls)
 17588 | Elf:1    | jacquesderrida: Вазузер был тем пацаном, который булку покупал в первой сцене
 17604 | Elf:1    | jacquesderrida: Хехе
 17631 | Elf:1    | arkorax: commies above spook
 17641 | Elf:1    | ReniFell: Ахаха, я даже внезапно понял, о чем ты
 17657 | Elf:1    | jacquesderrida: Найс
 17718 | Elf:1    | wazuzu: а ты напоминаешь ту бабу, которую в музг выебали
 17721 | Elf:1    | jacquesderrida: Перевернувший мировозрение эпизод в беседке
 17731 | Elf:1    | Reached skill level 10 in Conjurations
 17731 | Elf:1    | Reached skill level 10 in Hexes
 17731 | Elf:1    | Reached skill level 10 in Charms
 17731 | Elf:1    | Reached skill level 10 in Summonings
 17731 | Elf:1    | Reached skill level 10 in Necromancy
 17731 | Elf:1    | Reached skill level 10 in Translocations
 17731 | Elf:1    | Reached skill level 10 in Transmutations
 17731 | Elf:1    | Reached skill level 10 in Fire Magic
 17731 | Elf:1    | Reached skill level 10 in Ice Magic
 17731 | Elf:1    | Reached skill level 10 in Air Magic
 17731 | Elf:1    | Reached skill level 10 in Earth Magic
 17731 | Elf:1    | Reached skill level 10 in Poison Magic
 17738 | Elf:1    | Reached skill level 12 in Polearms
 17748 | Elf:1    | wazuzu: (если я книгой не ошибся)
 17752 | Elf:1    | ReniFell: У вас с ним всегда так?
 17767 | Elf:1    | Reached XP level 18. HP: 62/128 MP: 33/33
 17777 | Elf:1    | jacquesderrida: Че за бабу?
 17794 | Elf:1    | jacquesderrida: Не помню такого...
 17812 | Elf:1    | wazuzu: ну которую в мозг выебали
 17843 | Elf:1    | wazuzu: хахаха, дальше вагончика не читал штоле?
 17918 | Elf:1    | jacquesderrida: Да лет 8 уже прошло...
 17940 | Elf:1    | wazuzu: ну было там такое
 18011 | Orc:2    | wazuzu: бабе голову в струбцину зажали
 18015 | Orc:2    | wazuzu: фрезой срезали черепа кусок
 18015 | Orc:2    | jacquesderrida: Эпизоды вроде жидкой матери все затмили
 18015 | Orc:2    | wazuzu: и выебали в мозг
 18015 | Orc:2    | jacquesderrida: Слишком обыденно...
 18015 | Orc:2    | ReniFell: Не, один хер постмодернизм говно, так что я щас зашкварился тем, что знаю о чем речь
 18145 | Lair:1   | ReniFell: Вот настолько я плох
 18145 | Lair:1   | wazuzu: ну Сорокин охуеоен
 18230 | Snake:1  | Entered Level 1 of the Snake Pit
 18231 | Snake:1  | wazuzu: а вообще ты прав, деконструкция любая говно
 18235 | Snake:1  | ReniFell: Да
 18242 | Snake:1  | wazuzu: Сорокин охуенен на самом деле просто на контрасте
 18250 | Snake:1  | wazuzu: ну и плюс писать умеет
 18261 | Snake:1  | jacquesderrida: Ща зыгаря ебаного дочитаю, нового пелевина начну, чето некоторые рукопожатные рекомендуют
 18269 | Snake:1  | wazuzu: серия Лёд ничё так
 18285 | Snake:1  | arkorax: kva pa vi govorite proklemani komunisti
 18293 | Snake:1  | arkorax: da bi vs usaj kdo razumu an
 18313 | Snake:1  | jacquesderrida: Но там тоже хуита, 100%
 18355 | Snake:1  | ReniFell: На контрасте с остальными постмодернистами (уебанами)?
 18383 | Snake:1  | ReniFell: Ну, возможно, более-менее
 18417 | Snake:1  | wazuzu: we are discussing russian postmodernist writers, you don't really want to know
 18469 | Snake:1  | not even close
 18469 | Snake:1  | ReniFell: true man
 18491 | Snake:1  | wazuzu: нет блять, на контрасте со всей литературной сценой, еб её в подмышку
 18502 | Snake:1  | arkorax: so
 18542 | Snake:1  | arkorax: was Dostojevski post realist
 18570 | Snake:1  | arkorax: or was he still realist?
 18602 | Snake:2  | jacquesderrida: Вазузер масодова начитался
 18639 | Snake:2  | jacquesderrida: Партийный функфионер во сне теперь приходит
 18649 | Snake:2  | wazuzu: бля пошли диагнозы по буквам
 18655 | Snake:2  | jacquesderrida: Красный комиссар
 18700 | Snake:2  | jacquesderrida: Сарян
 18711 | Snake:2  | jacquesderrida: Я не со зла...
 18768 | Snake:2  | wazuzu: пойду лучше угроблю десяток другой калечных чаров
 18820 | Snake:2  | wazuzu: всё равно блять я из badplayers не поднимусь никогда
 18906 | Snake:2  | wazuzu: сука блять умирать на 14 рунах как пидор
 18933 | Snake:3  | jacquesderrida: Ебать
 18942 | Snake:3  | jacquesderrida: Как коммунист прямо
 18962 | Snake:3  | wazuzu: пришёл в тумбу без сала и абажура
 18969 | Snake:3  | Noticed Kirke
 18990 | Snake:3  | Killed Kirke
 19015 | Snake:3  | ReniFell: Да нахер играть в эту игру вообще
 19022 | Snake:3  | jacquesderrida: голубого сала захвати
 19029 | Snake:3  | wazuzu: или кастером пришёл, и уже хуй там от чего сдох, не помню.
 19040 | Snake:3  | wazuzu: бля
 19046 | Snake:3  | wazuzu: сорян
 19046 | Snake:3  | ReniFell: Меня так заебал этот рандом уже
 19054 | Snake:3  | jacquesderrida: лаовай
 19061 | Snake:3  | wazuzu: уже в музг ебанул
 19068 | Snake:3  | jacquesderrida: плюс позит
 19075 | Snake:3  | wazuzu: от того и такой умный
 19104 | Snake:3  | arkorax: dying at 14 runes what a fag?
 19108 | Snake:3  | arkorax: wat
 19127 | Snake:3  | arkorax: is my cyrillic rly bad?
 19129 | Snake:3  | jacquesderrida: Da
 19135 | Snake:3  | ReniFell: like a fag
 19149 | Snake:3  | jacquesderrida: Life is a fag
 19158 | Snake:3  | arkorax: still got it
 19172 | Snake:3  | wazuzu: kurwa, I'm stopping using slavrunes
 19176 | Snake:3  | arkorax: if life fucks you are you gay?
 19195 | Snake:3  | arkorax: ty
 19196 | Snake:4  | Entered Level 4 of the Snake Pit
 19201 | Snake:4  | ReniFell: yes ofc
 19202 | Snake:4  | wazuzu: does life say "no homo"?
 19202 | Snake:4  | jacquesderrida: No
 19203 | Snake:4  | ReniFell: i am
 19203 | Snake:4  | arkorax: uporablej ta praves slovanske crke ne pa vs curimuri an brat
 19203 | Snake:4  | wazuzu: do balls touch?
 19214 | Snake:4  | arkorax: probably?
 19218 | Snake:4  | jacquesderrida: Yes
 19220 | Snake:4  | wazuzu: curimuri
 19221 | Snake:4  | ReniFell: here in russia men are mostly gais
 19221 | Snake:4  | jacquesderrida: Balls touch
 19221 | Snake:4  | jacquesderrida: Your chin
 19221 | Snake:4  | jacquesderrida: So kinda ghey
 19229 | Snake:4  | jacquesderrida: But not really
 19269 | Snake:4  | Found Fuyschudgh's Assorted Antiques.
 19269 | Snake:4  | Found Coolaj's Antique Weapon Emporium.
 19280 | Snake:4  | arkorax: curimuri
 19282 | Snake:4  | jacquesderrida: It not gay if you spit
 19288 | Snake:4  | Bought a faintly glowing arbalest for 247 gold pieces
 19288 | Snake:4  | Bought a transparent war axe for 221 gold pieces
 19288 | Snake:4  | Identified the +9 war axe of the Pit {freeze, Dex+3} (You bought it in a shop on level 4 of the Snake Pit)
 19289 | Snake:4  | Identified the +10 arbalest of the Enchanted Forest {penet, Dex+6} (You bought it in a shop on level 4 of the Snake Pit)
 19290 | Snake:4  | wazuzu: http://i.imgur.com/UVaFvSR.png
 19291 | Snake:4  | :O
 19291 | Snake:4  | arkorax: lmao
 19328 | Snake:4  | jacquesderrida: Naice
 19546 | Snake:4  | ReniFell: loved dat
 19582 | Snake:4  | Lost mutation: Your body sometimes deteriorates upon taking damage. [evolution]
 19598 | Snake:4  | jacquesderrida: ty
 19654 | Snake:4  | Reached skill level 13 in Polearms
 19776 | Snake:4  | wazuzu: which god to pick for gnoll?
 19837 | Snake:4  | ReniFell: chei
 19841 | Snake:4  | ReniFell: ash
 19844 | Snake:4  | ReniFell: oka
 19847 | Snake:4  | ReniFell: choose
 19855 | Snake:4  | jacquesderrida: anubis
 19867 | Snake:4  | wazuzu: >chei
 19872 | Snake:4  | ReniFell: no u
 19890 | Snake:4  | wazuzu: haHAA
 19904 | Snake:4  | wazuzu: ash ok
 19917 | Snake:4  | wazuzu: but shit in earlygame
 19934 | Snake:4  | Got a serpentine rune of Zot
 19938 | Snake:4  | jacquesderrida: Вазузер, насколько ты заебался?
 19938 | Snake:4  | ReniFell: oka then
 19950 | Snake:4  | jacquesderrida: Из 10
 19987 | Snake:2  | wazuzu: 9
 20030 | Snake:1  | wazuzu: хочу снова блять корзиночкой стать
 20030 | Snake:1  | wazuzu: маминой
 20045 | Snake:1  | jacquesderrida: Да, у меня такое же впечатление создалось
 20048 | Snake:1  | wazuzu: чтобы ни ответственности, нихуя
 20058 | Snake:1  | jacquesderrida: Что заебался сильно
 20081 | Snake:1  | jacquesderrida: Сколько детенышу лет уже?
 20081 | Snake:1  | wazuzu: 2
 20110 | Snake:2  | jacquesderrida: Нихуева
 20129 | Snake:2  | wazuzu: пытаемся еще, но чёт не выходит
 20179 | Snake:2  | jacquesderrida: Самое неприятное позади
 20193 | Snake:2  | Reached XP level 19. HP: 135/135 MP: 35/35
 20194 | Snake:2  | wazuzu: ага хуй там
 20262 | Snake:4  | jacquesderrida: Ну скоро уже читать можно учить, писать
 20269 | Snake:4  | jacquesderrida: Через годик-полтора
 20275 | Snake:4  | wazuzu: the ride never ends
 20342 | Snake:4  | jacquesderrida: Лепить человекуса
 20345 | Snake:4  | wazuzu: не ну пиздатые тоже вещи есть, и их много
 20345 | Snake:4  | ReniFell: Пизда, я так не хочу детей
 20418 | Lair:3   | jacquesderrida: Хотя я бы не стал
 20421 | Lair:3   | wazuzu: но это не убавляет того говна с которым приходится иметь дело
 20424 | Lair:3   | ReniFell: Да и в принципе жить не оч хочу уже :D
 20427 | Lair:2   | ReniFell: Но нада
 20449 | Lair:2   | jacquesderrida: Прикольно, но проект-то титанический
 20450 | Lair:2   | wazuzu: бля с детьми трудно
 20491 | Shoals:1 | Entered Level 1 of the Shoals
 20561 | Shoals:1 | jacquesderrida: Жена хотела, что ли?
 20564 | Shoals:1 | wazuzu: зато как только у меня жена забеременела, я настолько охуел что тут же работу себе нашёл суперпиздатую, а не пихание говна за 35к
 20568 | Shoals:1 | jacquesderrida: Или не расчитал...
 20604 | Shoals:1 | wazuzu: не, сам хотел
 20615 | Shoals:1 | wazuzu: и щас хочу
 20640 | Shoals:1 | ReniFell: Я всю раннюю молодость почти провел, постоянно воспитывая своих никчемных малолеток братьев-сестер, и теперь желания нет даже думать о такой хуйне
 20640 | Shoals:1 | jacquesderrida: 30+?
 20645 | Shoals:1 | wazuzu: чем скорее с этой хуйнёй разберешься, тем лучше
 20665 | Shoals:1 | wazuzu: если женщине 30+, то там всякая генетическая хуйня вылезает
 20665 | Shoals:1 | p0werm0de: oO
 20671 | Shoals:1 | arkorax: ikr
 20671 | Shoals:1 | p0werm0de: 30 cm?
 20680 | Shoals:1 | jacquesderrida: Во сколько опапился, вазузир?
 20691 | Shoals:1 | wazuzu: 28
 20697 | Shoals:1 | jacquesderrida: Ебать
 20704 | Shoals:1 | arkorax: dayum
 20709 | Shoals:1 | wazuzu: inches
 20733 | Shoals:1 | wazuzu: width
 20734 | Shoals:1 | arkorax: DAYUM
 20735 | Shoals:1 | jacquesderrida: Это как если бы я через 3 года опапился
 20736 | Shoals:1 | p0werm0de: :D
 20737 | Shoals:1 | jacquesderrida: Пздц
 20787 | Shoals:2 | jacquesderrida: Ну это чуз йо дестини конеш
 20799 | Shoals:2 | Gained mutation: You are resistant to hostile enchantments. (MR+) [evolution]
 20816 | Shoals:1 | jacquesderrida: Мне бы на такую хуйню смелости не хватило
 20830 | Shoals:1 | wazuzu: ну бля
 20833 | Shoals:2 | wazuzu: будет тебе 40
 20844 | Shoals:2 | wazuzu: и соснёшь хуя на этой ппочве
 20855 | Shoals:2 | jacquesderrida: Почему?
 20873 | Shoals:2 | ReniFell: Будет мне 40 - и еще более похуй будет
 20884 | Shoals:2 | wazuzu: ни наследия, ни занятий
 20932 | Shoals:2 | wazuzu: когда тебе 40 тебя заёбывает жить для себя
 20945 | Shoals:2 | Noticed Polyphemus
 20962 | Shoals:2 | Killed Polyphemus
 20967 | Shoals:2 | wazuzu: в идеале, ты в 40 лет находишь себе 25 бабу и делаешь с ней 3 детей
 20977 | Shoals:2 | jacquesderrida: Я коммунист, зачем мне наследие? Блайдлайны -- это пережиток капиталистического прошлого!
 20977 | Shoals:2 | wazuzu: но это в идеале
 20999 | Shoals:2 | jacquesderrida: Без собственности и наследники не нужны!
 21009 | Shoals:2 | jacquesderrida: ;^)
 21021 | Shoals:2 | jacquesderrida: (^;
 21035 | Shoals:2 | wazuzu: ты с компа сейчас пишешь?
 21053 | Shoals:2 | wazuzu: комп буржуазный пережиток
 21099 | Shoals:3 | wazuzu: ну-ка бегом его бомжам отдал
 21117 | Shoals:3 | jacquesderrida: Схуяли это пережиток...
 21121 | Shoals:3 | wazuzu: и еще 3 себе подсели
 21131 | Shoals:3 | wazuzu: слишком много метров
 21141 | Shoals:3 | wazuzu: на твоё лицо
 21142 | Shoals:3 | jacquesderrida: Так это совки
 21143 | Shoals:3 | jacquesderrida: А не коммунисты
 21159 | Shoals:3 | Noticed Bai Suzhen
 21162 | Shoals:3 | jacquesderrida: В смысле, по системе-то не так...
 21168 | Shoals:3 | wazuzu: а хули ты блять думаешь что такое камунизм?
 21174 | Shoals:3 | jacquesderrida: А исторических комми я тоже не люблю
 21177 | Shoals:3 | wazuzu: а, ну
 21187 | Shoals:3 | wazuzu: комиссар Вася щас придёт
 21191 | Shoals:3 | wazuzu: с наганом
 21195 | Shoals:3 | wazuzu: и адеснит тебе про систему
 21196 | Shoals:3 | Killed Bai Suzhen
 21197 | Shoals:3 | wazuzu: *абеснит
 21211 | Shoals:3 | jacquesderrida: Ты индивидуальную собственность со средствами производства путаешь...
 21227 | Shoals:3 | wazuzu: какая собственость?
 21231 | Shoals:3 | wazuzu: зубная щётка и тапочки
 21235 | Shoals:3 | jacquesderrida: Тип того
 21236 | Shoals:3 | wazuzu: вот твоя собственность
 21241 | Shoals:3 | jacquesderrida: Компуктер еще
 21243 | Shoals:3 | ReniFell: Лет 5 назад, вроде, моему дяде 45 исполнилось, короче. У него ни жены, ни детей, он тогда недавно с девушкой очередной расстался. И ко мне приехал, мы с ним бухали. Ну и че-то как раз на эту тему разговорились. И вот ему было похуй. Сейчас, я уверен, тоже. Какая, говорит, разница, что вообще происходит вокруг, если ты живешь в свое удовольствие и тебя все устраивает. Это, говорит, не только правило поры студенческой или еще какой - это правило всей жизни. Хочешь детей - ебашь детей хоть миллион. Не хочешь - еби шлюх, че делать-то еще. Занимайся любимым делом и не трать время зря - вот, что главное.
 21245 | Shoals:3 | wazuzu: остальное нука быро нахуй
 21305 | Shoals:3 | wazuzu: ну и хуй с твоим дядей
 21352 | Shoals:3 | jacquesderrida: Нормасный чел
 21354 | Shoals:3 | wazuzu: в 45 не накрыло, в 50 накроет
 21361 | Shoals:3 | wazuzu: или потом накроет
 21373 | Shoals:3 | jacquesderrida: Или не накроет никогда
 21382 | Shoals:3 | ReniFell: +
 21405 | Shoals:3 | wazuzu: ну или может повезет ему и сдохнет до того как накроет
 21406 | Shoals:3 | ReniFell: Жак вот тему шарит
 21461 | Shoals:3 | wazuzu: ну смотрите
 21468 | Shoals:3 | jacquesderrida: Я эту хуйню про в 16-18-20-25 поймешь всю жизнь от даунов слышу
 21491 | Shoals:3 | wazuzu: мне как-то поебать
 21497 | Shoals:3 | jacquesderrida: Сука бля не сдаются
 21505 | Shoals:3 | wazuzu: дела ваши
 21506 | Shoals:4 | Entered Level 4 of the Shoals
 21512 | Shoals:4 | ReniFell: Я вот тоже 10 лет назад думал, что ща универ закончу, найду себе тян и буду жить, КАК ВСЕ НОРМАЛЬНЫЕ ЛЮДИ. В итоге, щас я только угараю над этой хуйней.
 21536 | Shoals:4 | minicreteconcrete: бетона надо кому?
 21551 | Shoals:4 | wazuzu: ну бля вы-то в Рашке сраной живёте
 21560 | Shoals:4 | jacquesderrida: Да.
 21562 | Shoals:4 | wazuzu: небось
 21592 | Shoals:4 | jacquesderrida: Питир на связи
 21603 | Shoals:4 | wazuzu: а я как самый умный хуй свалил
 21606 | Shoals:4 | ReniFell: Почем бетон
 21613 | Shoals:4 | jacquesderrida: Прием
 21620 | Shoals:4 | ReniFell: Мне в гараж надо
 21634 | Shoals:4 | jacquesderrida: Куда свалил?
 21644 | Shoals:4 | wazuzu: подальше
 21645 | Shoals:4 | wazuzu: от комуняк
 21664 | Shoals:4 | wazuzu: мне тут если я буду 2+ детей иметь будут платить
 21664 | Shoals:4 | Identified the +6 great mace of Osustr Doal {crush, +Blink +Rage rC+} (You found it on level 4 of the Shoals)
 21665 | Shoals:4 | jacquesderrida: inb4 eastern europe
 21688 | Shoals:4 | wazuzu: а если 3+, то еще льгот налоговых ебанут
 21693 | Shoals:4 | wazuzu: и на проезд там вся хуйня
 21704 | Shoals:4 | minicreteconcrete: Reni вот тут можешь посчитать
 21705 | Shoals:4 | minicreteconcrete: http://minicreteconcrete.com.au/general/quote.php
 21739 | Shoals:4 | jacquesderrida: Ты ща за социализм топишь, вазузир
 21745 | Shoals:4 | Reached skill level 14 in Polearms
 21747 | Shoals:4 | jacquesderrida: Льготы на детей
 21784 | Shoals:4 | jacquesderrida: А социализм -- это первая стадия коммунизма
 21786 | Shoals:4 | ReniFell: Это ж блядь австралия
 21805 | Shoals:4 | jacquesderrida: Ебать ты в стан врага попал
 21818 | Shoals:4 | wazuzu: льготы, Вася, это самое пиздатое что тебе может государство дать
 21823 | Shoals:4 | jacquesderrida: Пора валить
 21833 | Shoals:4 | wazuzu: за исключением просто денег
 21845 | Shoals:4 | minicreteconcrete: да, доставочка дорого выйдет
 21859 | Shoals:4 | minicreteconcrete: но наш бетон того стоит
 21883 | Shoals:4 | jacquesderrida: Ну понятно, короче
 21885 | Shoals:4 | ReniFell: Не, у моей семьи, когда с родаками жил, льготы за многодетку тоже так-то были, это еще ебучих 12 лет назад было, так что хз че ты льготами выебуешься
 21885 | Shoals:4 | jacquesderrida: Хуево, когда у тебя берут, заебись, когда у других берут и дают тебе
 21904 | Shoals:4 | wazuzu: ну смотри, мне тут нестрашно детей растить
 21919 | Shoals:4 | jacquesderrida: Че за страна-то?
 21928 | Shoals:4 | wazuzu: медобеспечение бесплатное, всякие деньги-хуеньги
 21953 | Shoals:4 | wazuzu: кредит ипотечный под хуй процентов
 21987 | Shoals:4 | wazuzu: была программа чтобы сесьям там давать скидку до 35% на первую квартиру
 21990 | Shoals:4 | wazuzu: но суки свернули
 21990 | Shoals:4 | jacquesderrida: Неблохо
 21990 | Shoals:4 | ReniFell: И такое тоже было 12 лет назад, братан
 21990 | Shoals:4 | wazuzu: теперь будет какое-то бомжовское жилье для нищебродов
 21990 | Shoals:4 | ReniFell: И до сих пор дают скидки на квартиры, ток не всем :D
 21991 | Shoals:4 | jacquesderrida: В москве знакомый за 3 года ипотеку выплатил, тоже норм
 21994 | Shoals:4 | wazuzu: а мне придется сука еще года 2 копить
 21994 | Shoals:4 | jacquesderrida: Кайфует сейчас
 22007 | Shoals:4 | wazuzu: хорошо ему небось
 22008 | Shoals:4 | jacquesderrida: Наверн
 22139 | Shoals:4 | Found Zyrum's Distillery.
 22412 | Shoals:4 | Reached XP level 20. HP: 143/143 MP: 34/36
 22434 | Shoals:4 | Got a barnacled rune of Zot
 22442 | Shoals:4 | Noticed Ilsuiw
 22465 | Shoals:4 | Killed Ilsuiw
 22495 | Shoals:4 | Bought a potion of curing for 57 gold pieces
 22495 | Shoals:4 | Bought a potion of curing for 57 gold pieces
 22495 | Shoals:4 | Bought a potion of heal wounds for 95 gold pieces
 22495 | Shoals:4 | Bought a potion of magic for 152 gold pieces
 22495 | Shoals:4 | Bought a potion of brilliance for 76 gold pieces
 22495 | Shoals:4 | Bought a potion of agility for 76 gold pieces
 22495 | Shoals:4 | Bought a potion of cancellation for 152 gold pieces
 22717 | Slime:1  | Entered Level 1 of the Pits of Slime
 22806 | Slime:2  | Gained mutation: You are occasionally teleported next to monsters. [evolution]
 22807 | Slime:2  | :O
 23135 | Slime:5  | Entered Level 5 of the Pits of Slime
 23518 | Slime:5  | Found a viscous altar of Jiyva.
 23518 | Slime:5  | Noticed the Royal Jelly
 23522 | Slime:5  | Found the amulet of Vitality {Regen+ HP+15}
 23539 | Slime:5  | Killed the Royal Jelly
 23539 | Slime:5  | Reached skill level 15 in Polearms
 23609 | Slime:5  | Got a crude pewter ring
 23611 | Slime:5  | Identified the ring of Hedonism {rF+ rC+} (You found it on level 5 of the Pits of Slime)
 23638 | Slime:5  | Got a warped granite ring
 23640 | Slime:5  | Identified the ring "Mennyh" {rCorr rC+} (You found it on level 5 of the Pits of Slime)
 23645 | Slime:5  | Got a slimy rune of Zot
 23675 | Slime:5  | Identified the amulet "Cowueg" {*Corrode +Rage rC+ rN+++ Int+2} (You found it on level 5 of the Pits of Slime)
 23677 | Slime:5  | :O
 24168 | D:13     | Found Keregire's Antique Armour Shop.
 24180 | D:13     | Found a gate to the Vaults.
 24215 | Vaults:1 | Entered Level 1 of the Vaults
 24226 | Vaults:1 | Reached XP level 21. HP: 149/149 MP: 23/38
 24308 | Vaults:1 | Found a magical portal.
 24333 | WizLab   | Entered The Roulette of Golubria
 24333 | WizLab   | Found a transporter.
 24338 | WizLab   | Found a corrupted altar of Lugonu.
 24339 | WizLab   | Found the +1 cloak of Starlight {rElec rC+ EV+4 Stlth--}
 24403 | WizLab   | Found a transporter.
 24404 | WizLab   | Found a transporter.
 24427 | WizLab   | Found a transporter.
 24436 | WizLab   | Found a transporter.
 24456 | WizLab   | Got a slimy cloak
 24462 | WizLab   | Identified the cursed +0 cloak of Shadows and Fog {*Slow rElec rC+ Str+3} (You found it in a wizard's laboratory)
 24463 | WizLab   | Found a transporter.
 24468 | WizLab   | Identified the Papyrus of Translocation
 24473 | WizLab   | Learned a level 3 spell: Lesser Beckoning
 24480 | WizLab   | Got a faintly glowing cloak
 24486 | WizLab   | Identified the +0 cloak "Yveddorr" {rElec MR+ Dex+4} (You found it in a wizard's laboratory)
 24502 | WizLab   | Found a transporter.
 24502 | WizLab   | Found a transporter.
 24515 | WizLab   | Found a transporter.
 24515 | WizLab   | Found a transporter.
 24543 | WizLab   | Found a transporter.
 24543 | WizLab   | Found a transporter.
 24547 | WizLab   | Found a corrupted altar of Lugonu.
 24569 | WizLab   | Found a transporter.
 24569 | WizLab   | Found a transporter.
 24591 | WizLab   | Identified Golubria's Reference Book on Translocation
 24597 | WizLab   | Learned a level 4 spell: Passage of Golubria
 24810 | Vaults:1 | Found Gostreu's Gadget Shoppe.
 24945 | Vaults:2 | Reached skill level 15 in Fighting
 24945 | Vaults:2 | Reached skill level 15 in Axes
 24945 | Vaults:2 | Reached skill level 15 in Dodging
 24951 | Vaults:2 | Noticed a bone dragon
 24959 | Vaults:2 | Killed a bone dragon
 25009 | Vaults:2 | Found a staircase to the Crypt.
 25030 | Crypt:1  | Entered Level 1 of the Crypt
 25064 | Crypt:1  | Reached skill level 15 in Invocations
 25325 | Vaults:1 | Reached skill level 16 in Polearms
 25891 | Vaults:3 | Reached XP level 22. HP: 90/157 MP: 37/40
 26198 | Vaults:3 | Identified the ring "Foit" {rElec rN+ Int+4 Dex+2} (You found it on level 3 of the Vaults)
 26442 | Vaults:4 | Found Genoyhut's Armour Emporium.
 26486 | Vaults:5 | Entered Level 5 of the Vaults
 26497 | Vaults:5 | Noticed Frederick
 26529 | Vaults:5 | Killed Frederick
 26529 | Vaults:5 | Reached skill level 15 in Stealth
 26545 | Vaults:5 | Reached skill level 17 in Polearms
 26644 | Vaults:5 | Reached XP level 23. HP: 139/164 MP: 41/41
 26667 | Vaults:5 | Identified the cursed +2 battleaxe "Uniytsut" {flame, Str+7 SInv} (You took it off a vault guard on level 5 of the Vaults)
 26896 | Vaults:5 | Got a faintly glowing buckler
 26936 | Vaults:5 | Noticed a golden dragon
 26944 | Vaults:5 | Killed a golden dragon
 26960 | Vaults:5 | Identified the +2 buckler "Rajihiuwk" {rF+++ MR- Regen+ Dex+2} (You took it off a deep elf death mage on level 5 of the Vaults)
 26961 | Vaults:5 | :O
 27083 | Vaults:5 | Identified the Guide on the Flying Entourage
 27086 | Vaults:5 | Got a silver rune of Zot
 27127 | Vaults:5 | Reached skill level 15 in Short Blades
 27127 | Vaults:5 | Reached skill level 15 in Long Blades
 27127 | Vaults:5 | Reached skill level 15 in Maces & Flails
 27127 | Vaults:5 | Reached skill level 15 in Staves
 27127 | Vaults:5 | Reached skill level 15 in Slings
 27127 | Vaults:5 | Reached skill level 15 in Bows
 27127 | Vaults:5 | Reached skill level 15 in Crossbows
 27127 | Vaults:5 | Reached skill level 15 in Throwing
 27127 | Vaults:5 | Reached skill level 15 in Armour
 27127 | Vaults:5 | Reached skill level 15 in Shields
 27127 | Vaults:5 | Reached skill level 15 in Unarmed Combat
 27127 | Vaults:5 | Reached skill level 15 in Spellcasting
 27127 | Vaults:5 | Reached skill level 15 in Evocations
 27262 | Vaults:5 | Identified the Almanac of the Frigorific Escort
 27269 | Vaults:5 | Learned a level 5 spell: Aura of Abjuration
 27462 | Vaults:5 | Reached skill level 18 in Polearms
 27814 | Crypt:1  | Reached XP level 24. HP: 171/171 MP: 40/42
 27817 | Crypt:1  | Paralysed by a vampire knight for 3 turns
 27822 | Crypt:1  | Paralysed by a vampire knight for 5 turns
 27960 | Crypt:1  | Lost mutation: You are resistant to hostile enchantments. (MR+) [evolution]
 28067 | Crypt:3  | Entered Level 3 of the Crypt
 28214 | Crypt:3  | Noticed a greater mummy
 28218 | Crypt:3  | Paralysed by a vampire knight for 5 turns
 28236 | Crypt:3  | Killed a greater mummy
 28292 | Crypt:3  | Found an ancient bone altar of Kikubaaqudgha.
 28294 | Crypt:3  | Found a basalt altar of Yredelemnul.
 28305 | Crypt:3  | Identified the cursed +0 scale mail "Pepuh" {*Corrode rElec rPois rN+++ Int-3} (You found it on level 3 of the Crypt)
 28313 | Crypt:3  | Identified Kikubaaqudgha's Grimoire of Black Arts
 28387 | Crypt:3  | Found a staircase to the Tomb.
 28401 | Tomb:1   | Entered Level 1 of the Tomb of the Ancients
 28408 | Tomb:1   | Noticed Sojobo
 28436 | Tomb:1   | Killed Sojobo
 28502 | Tomb:1   | Noticed Jorgrun
 28519 | Tomb:1   | Paralysed by a sphinx for 2 turns
 28529 | Tomb:1   | Paralysed by a sphinx for 2 turns
 28531 | Tomb:1   | HP: 4/188 [sphinx (9)]
 28532 | Tomb:1   | Slain by Jorgrun

Vault maps used:
D:1:      kennysheep_arrival_seaside, minmay_small_reverse_x
D:2:      minmay_overflow_temple_star_hex, minmay_hedge_maze
D:3:      cheibrodos_greedy_goblins, nicolae_ru_sacrificial_ziggurat, uniq_ijyb
D:4:      minmay_temple_entry_junction
D:5:      first_bread, basic_altar, nicolae_dithmenos_shadow_blocks
D:6:      slow_altar_1, nicolae_ashenzari_panopticon, uniq_pikel
D:7:      uniq_crazy_yiuf_cottage
D:8:      enter_bailey_1
D:9:      orc_0_dummy, eino_tiny_chamber
D:10:     basic_altar, serial_shops, nicolae_shop_stone
D:11:     erik_lair_island
D:12:     special_room
D:13:     david_vaults_1, serial_shops, shop, the_bakery
Temple:   nicolae_temple_x_marks_the_god
Lair:1:   lab_entry_generic, beast_lair_carwin_9, grunt_megastairs_1,
          serial_bayou_shore_b
Lair:2:   beast_lair_carwin_large_1, elwin_shoals_entry_stream,
          serial_bayou_lagoon_a
Lair:3:   dummy_snake_entry
Lair:5:   slime_altar_2, special_room
Lair:6:   evilmike_catoblepas_cave, serial_bayou_shore_b, grunt_megastairs_3
Shoals:1: serial_shops, shop, nicolae_shoals_flooded_hall
Shoals:2: uniq_polyphemus
Shoals:3: nicolae_shoals_kraken_intersection, uniq_bai_suzhen
Shoals:4: shoals_end_simple, shoal_ilsuiw, serial_shops, shop
Snake:1:  basic_altar
Snake:2:  nicolae_snake_serpentine_hallways, serial_bayou_shore_b
Snake:3:  serial_bayou_lake_a, uniq_kirke
Snake:4:  snake_pit, minmay_shoptagon
Slime:2:  nicolae_slime_barrier
Orc:1:    portal_ice_cave_entry_ice_beasts
Orc:2:    st_orc_mages
Elf:1:    hangedman_staggered_hall, hangedman_elf_represent,
          hangedman_elven_pyramids
Elf:2:    serial_sigils, serial_sigils_hangedman_scar,
          serial_sigils_hangedman_gnaw, serial_sigils_hangedman_leer
Elf:3:    minmay_elf_hall_four_x, minmay_misc_feat_rows
Vaults:1: ontoclasm_vaults_bender, v_alt_pattern_5,
          ontoclasm_vaults_decontamination, hangedman_vaults_stagger,
          hangedman_vaults_capsules, vaults_standard_mumra_enter_the_diamond,
          vaults_room_fours, nicolae_vaults_murderbox, serial_shops,
          nicolae_shop_stone, infiniplex_enter_wizlab_glasses, uniq_asterion
Vaults:2: v_rooms_6, minmay_crypt_entry_nasty_monster,
          nicolae_vaults_inception_corners, nicolae_vaults_back_hallway,
          nicolae_vaults_network_quincunx, nicolae_vaults_network_quinsquares,
          v_misc_22, v_rooms_4, v_pattern_1, v_misc_8, ontoclasm_vaults_hangar,
          vaults_mumra_lcd
Vaults:3: grunt_vaults_bifocal, grunt_vaults_hallway_short, v_misc_22,
          nicolae_vaults_twisting_passages, v_misc_11,
          grunt_vaults_hallway_long, v_rooms_6, dpeg_vaults_waves,
          vaults_room_fancy_cross, nicolae_vaults_mini_display_case
Vaults:4: vaults_room_boxed, hangedman_vaults_slice, v_rooms_4, v_misc_3,
          hangedman_vaults_corner, v_misc_19, v_misc_9,
          nicolae_vaults_shelves_hall, ontoclasm_vaults_fault, serial_shops,
          shop
Vaults:5: uniq_frederick
Crypt:1:  roderic_lattice_octagonal_star, grunt_crypt_arrival_split
Crypt:2:  basic_altar, uniq_khufu, uniq_saint_roka, uniq_xtahua
Crypt:3:  lightli_unholy_cathedral, serial_co_window_serial, co_window_paths_a,
          co_window_corner_a, co_window_paths_b, co_window_paths_a,
          co_window_cross_1, co_window_corner_b, co_window_corner_ca,
          co_window_unsneaky_path_d, co_window_corner_ca, glass_columns_a,
          glass_columns_b, glass_columns_a, glass_columns_a
Tomb:1:   uniq_jorgrun, uniq_sojobo
Abyss:3:  grunt_abyss_rune_forest_and_sorcery, guppyfry_abyss_exit_imp_island,
          minivault_13
Abyss:4:  hangedman_abyss_rune_flesh_and_stone
Bailey:   bailey_polearm_5, bailey
IceCv:    ice_cave_small_demon
WizLab:   wizlab_golubria

Skill      XL: |  1  2  3  4  5  6  7  8  9 10 11 12 13 14 15 16 17 18 19 20 21 22 23 24 |
---------------+-------------------------------------------------------------------------+-----
Invocations    | 1 2 3 4 5 6 7 8 9 10 11 12 13 14 15 16 | 16.8
Short Blades   | 1 2 3 4 5 6 7 8 9 10 11 12 13 14 15 | 15.6
Long Blades    | 1 2 3 4 5 6 7 8 9 10 11 12 13 14 15 | 15.6
Maces & Flails | 1 2 3 4 5 6 7 8 9 10 11 12 13 14 15 | 15.6
Polearms       | 1 2 3 4 5 6 7 8 9 10 11 12 13 14 15 16 17 18 | 18.7
Staves         | 1 2 3 4 5 6 7 8 9 10 11 12 13 14 15 | 15.6
Slings         | 1 2 3 4 5 6 7 8 9 10 11 12 13 14 15 | 15.6
Bows           | 1 2 3 4 5 6 7 8 9 10 11 12 13 14 15 | 15.6
Crossbows      | 1 2 3 4 5 6 7 8 9 10 11 12 13 14 15 | 15.6
Throwing       | 1 2 3 4 5 6 7 8 9 10 11 12 13 14 15 | 15.6
Armour         | 1 2 3 4 5 6 7 8 9 10 11 12 13 14 15 | 15.6
Shields        | 1 2 3 4 5 6 7 8 9 10 11 12 13 14 15 | 15.6
Unarmed Combat | 1 2 3 4 5 6 7 8 9 10 11 12 13 14 15 | 15.6
Spellcasting   | 1 2 3 4 5 6 7 8 9 10 11 12 13 14 15 | 15.6
Evocations     | 1 2 3 4 5 6 7 8 9 10 11 12 13 14 15 | 15.6
Conjurations   | 1 2 3 4 5 6 7 8 9 10 11 12 13 | 13.4
Hexes          | 1 2 3 4 5 6 7 8 9 10 11 12 13 | 13.4
Charms         | 1 2 3 4 5 6 7 8 9 10 11 12 13 | 13.4
Summonings     | 1 2 3 4 5 6 7 8 9 10 11 12 13 | 13.5
Necromancy     | 1 2 3 4 5 6 7 8 9 10 11 12 13 | 13.4
Translocations | 1 2 3 4 5 6 7 8 9 10 11 12 13 | 13.4
Transmutations | 1 2 3 4 5 6 7 8 9 10 11 12 13 | 13.4
Fire Magic     | 1 2 3 4 5 6 7 8 9 10 11 12 13 | 13.4
Ice Magic      | 1 2 3 4 5 6 7 8 9 10 11 12 13 | 13.4
Air Magic      | 1 2 3 4 5 6 7 8 9 10 11 12 13 | 13.4
Earth Magic    | 1 2 3 4 5 6 7 8 9 10 11 12 13 | 13.4
Poison Magic   | 1 2 3 4 5 6 7 8 9 10 11 12 13 | 13.4
Fighting       | 7 8 9 10 11 12 13 14 15 16 | 16.6
Axes           | 7 8 9 10 11 12 13 14 15 16 | 16.6
Dodging        | 7 8 9 10 11 12 13 14 15 16 | 16.6
Stealth        | 5 6 7 8 9 10 11 12 13 14 15 16 | 16.0

Action                   |  1- 3 |  4- 6 |  7- 9 | 10-12 | 13-15 | 16-18 | 19-21 | 22-24 || total
-------------------------+-------+-------+-------+-------+-------+-------+-------+-------++-------
Melee: Hand axe          |    81 |    97 |       |       |       |       |       |       ||   178
       Bite              |     9 |    16 |    31 |   148 |   137 |   111 |   169 |   127 ||   748
       War axe           |       |    13 |   153 |   638 |       |   187 |   973 |   691 ||  2655
       Punch             |       |       |     3 |    27 |    28 |    16 |     2 |    33 ||   109
       Battleaxe         |       |       |       |   209 |   354 |       |       |       ||   563
       Kick              |       |       |       |       |   181 |   208 |   300 |   264 ||   953
       Trishula          |       |       |       |       |   569 |   780 |   110 |    30 ||  1489
       Unarmed           |       |       |       |       |       |     7 |       |       ||     7
 Fire: Arbalest          |       |       |       |       |       |       |       |    35 ||    35
Throw: Throwing net      |       |       |       |       |       |       |     1 |       ||     1
 Cast: Statue Form       |       |       |       |       |    25 |    47 |    57 |    26 ||   155
       Apportation       |       |       |       |       |    13 |    45 |    38 |    45 ||   141
       Passage of Golubr |       |       |       |       |       |       |     1 |       ||     1
Invok: Cleansing Flame   |       |       |       |     7 |       |       |     1 |     7 ||    15
       Brand Weapon With |       |       |       |       |     1 |       |       |       ||     1
       Summon Divine War |       |       |       |       |       |     3 |     2 |       ||     5
       Divine Shield     |       |       |       |       |       |     1 |       |     1 ||     2
 Abil: End Transformatio |       |       |       |       |     6 |    17 |    31 |    18 ||    72
Evoke: Wand              |       |       |    11 |    38 |     6 |     5 |     7 |       ||    67
  Use: Potion            |     5 |       |     6 |     2 |     2 |     1 |     4 |     2 ||    22
       Scroll            |       |     7 |     9 |    12 |    15 |    17 |    11 |     8 ||    79
 Stab: Sleeping          |     6 |       |       |       |       |       |       |       ||     6
  Eat: Chunk             |       |     3 |    13 |     6 |    19 |    10 |    18 |     6 ||    75
       Bread ration      |       |       |     1 |     5 |     1 |     2 |       |     1 ||    10
       Royal jelly       |       |       |     1 |     1 |     6 |       |     4 |     4 ||    16
       Fruit             |       |       |       |     1 |     1 |     6 |       |     5 ||    13
       Meat ration       |       |       |       |       |       |     2 |     3 |       ||     5
Armor: Robe              |    12 |       |       |       |       |       |       |       ||    12
       Skin              |     4 |       |       |       |   233 |   285 |   530 |   453 ||  1505
       Plate armour      |       |    69 |   102 |    40 |       |     8 |       |       ||   219
       Ring mail         |       |       |       |   184 |     5 |       |       |       ||   189
       Troll leather arm |       |       |       |    30 |    48 |     6 |       |       ||    84
       Storm dragon scal |       |       |       |     8 |       |       |       |       ||     8
       Chain mail        |       |       |       |       |   245 |       |       |       ||   245
       Leather armour    |       |       |       |       |       |    26 |    64 |    56 ||   146
Dodge: Dodged            |    72 |    20 |    62 |   808 |  1014 |   795 |  1692 |  1377 ||  5840
Block: Other             |       |       |       |       |       |     7 |       |     5 ||    12
       Buckler           |       |       |       |       |       |    47 |   165 |   342 ||   554

Table legend:
 A = Spawn XP
 B = Non-spawn XP
 C = Spawn XP percentage of total XP
 D = Spawn monster count
 E = Non-spawn monster count
 F = Spawn count percentage of total count
 G = Total turns spent on level
                    A         B        C        D         E        F      G
               +---------+---------+-------+---------+---------+-------+---------
         Total |   18181 |  904939 |   2.0 |      41 |    1637 |   2.4 | 28532
               +---------+---------+-------+---------+---------+-------+---------
           D:1 |       0 |      35 |   0.0 |       0 |      22 |   0.0 |   337
           D:2 |       0 |      34 |   0.0 |       0 |      19 |   0.0 |   337
           D:3 |       0 |     196 |   0.0 |       0 |      36 |   0.0 |   421
           D:4 |       0 |     392 |   0.0 |       0 |      18 |   0.0 |   548
           D:5 |       0 |     987 |   0.0 |       0 |      19 |   0.0 |   346
           D:6 |       0 |     434 |   0.0 |       0 |      21 |   0.0 |   455
           D:7 |       0 |     686 |   0.0 |       0 |      14 |   0.0 |   651
           D:8 |       0 |     694 |   0.0 |       0 |      10 |   0.0 |   438
           D:9 |       0 |    1792 |   0.0 |       0 |      10 |   0.0 |   516
          D:10 |       0 |    2632 |   0.0 |       0 |      27 |   0.0 |   721
          D:11 |       0 |    4234 |   0.0 |       0 |      28 |   0.0 |   864
          D:12 |       0 |    6788 |   0.0 |       0 |      34 |   0.0 |  1593
          D:13 |       0 |    6087 |   0.0 |       0 |      12 |   0.0 |   226
        Lair:1 |       0 |    4337 |   0.0 |       0 |      24 |   0.0 |  1184
        Lair:2 |       0 |   10070 |   0.0 |       0 |      37 |   0.0 |   752
        Lair:3 |       0 |    1777 |   0.0 |       0 |       8 |   0.0 |   500
        Lair:4 |       0 |    8177 |   0.0 |       0 |      18 |   0.0 |   392
        Lair:5 |       0 |   18689 |   0.0 |       0 |      60 |   0.0 |   752
        Lair:6 |       0 |   30463 |   0.0 |       0 |      77 |   0.0 |   855
      Shoals:1 |       0 |   16875 |   0.0 |       0 |      31 |   0.0 |   304
      Shoals:2 |       0 |   14402 |   0.0 |       0 |      27 |   0.0 |   339
      Shoals:3 |       0 |   16763 |   0.0 |       0 |      21 |   0.0 |   478
      Shoals:4 |       0 |   44630 |   0.0 |       0 |      77 |   0.0 |   997
       Snake:1 |       0 |    6215 |   0.0 |       0 |      15 |   0.0 |   506
       Snake:2 |       0 |   10903 |   0.0 |       0 |      23 |   0.0 |   465
       Snake:3 |       0 |    8409 |   0.0 |       0 |      20 |   0.0 |   326
       Snake:4 |       0 |   42933 |   0.0 |       0 |      66 |   0.0 |   888
       Slime:1 |       0 |    2195 |   0.0 |       0 |       7 |   0.0 |    35
       Slime:2 |       0 |   11905 |   0.0 |       0 |      11 |   0.0 |   289
       Slime:3 |       0 |    6275 |   0.0 |       0 |      11 |   0.0 |    55
       Slime:4 |       0 |    6883 |   0.0 |       0 |      15 |   0.0 |   278
       Slime:5 |       0 |   40925 |   0.0 |       0 |      34 |   0.0 |   418
         Orc:1 |       0 |    3125 |   0.0 |       0 |      24 |   0.0 |   646
         Orc:2 |       0 |    9864 |   0.0 |       0 |      91 |   0.0 |  1764
         Elf:1 |       0 |   31968 |   0.0 |       0 |      50 |   0.0 |   980
         Elf:2 |       0 |   28067 |   0.0 |       0 |      37 |   0.0 |   567
         Elf:3 |       0 |   53507 |   0.0 |       0 |      55 |   0.0 |  1349
      Vaults:1 |       0 |   33161 |   0.0 |       0 |      49 |   0.0 |   443
      Vaults:2 |       0 |   34567 |   0.0 |       0 |      54 |   0.0 |   927
      Vaults:3 |       0 |   46487 |   0.0 |       0 |      65 |   0.0 |   481
      Vaults:4 |       0 |   29348 |   0.0 |       0 |      51 |   0.0 |   378
      Vaults:5 |       0 |  177163 |   0.0 |       0 |     149 |   0.0 |   994
       Crypt:1 |       0 |   30188 |   0.0 |       0 |      36 |   0.0 |   331
       Crypt:3 |       0 |   53451 |   0.0 |       0 |      49 |   0.0 |   334
        Tomb:1 |       0 |   11388 |   0.0 |       0 |       6 |   0.0 |   131
       Abyss:3 |   14960 |   10884 |  57.9 |      36 |      21 |  63.2 |   577
       Abyss:4 |    3221 |       0 | 100.0 |       5 |       0 | 100.0 |    48
         IceCv |       0 |    7005 |   0.0 |       0 |      23 |   0.0 |   958
        WizLab |       0 |   16949 |   0.0 |       0 |      25 |   0.0 |   294
               +---------+---------+-------+---------+---------+-------+---------
